Workbook
Name A: #REF!
Name A: #REF!
Name A: #REF!

Sheet 1.0 Statistical Identification
A2: Department of Statistics with Economic Research Forum
A3: Jordan Labor Market Panel Survey (2016)
A4: 2. Individual Questionnaire for all individuals
A6: Section 1: Statistical Identification
A7: Interviewer: Review following basic characteristics with respondent at start of individual questionnaire
A8: 1000 | B8: Is this individual from a refresher household or one including 2010 members? | C8: 1- Includes 2010 members 2-Refresher of 2016 | D8: =CONCATENATE("If =2-->Q",A10) -> If =2-->Q1002
A9: 1001 | B9: Number of the household in JLMPS 2016 | D9: =CONCATENATE("-->Q",A11) -> -->Q202
A10: =A9+1 -> 1002 | B10: Cluster number and household # in cluster | C10: Generate and display hhid
A11: 202 | B11: Name of the interviewee
A12: 201 | B12: Number of the Individual in the household in JLMPS 2016 from roster list
A13: 204 | B13: Gender of the individual | C13: "1 - Male 2 - Female"
A14: 205 | B14: Birth Date by Month and Year | C14: Dropdown menus: Month {1 - 12, 98 if don't know} Year {1900-2016, 9998 if don't know}
A15: 206 | B15: "Age (in years completed) *For interviewer: if individual is older than 99, just write 99 *guess if don't know" | C15: Numerical textbox {0-99}: |___|___|
A16: 207 | B16: Nationality | C16: Provide dropdown menu of nationalities
A17: 208 | B17: a. Was the individual a member of the household in enumeration (when you were visited in June 2016)? b. If yes, write down name and line number of the individual in the household in enumeration [list will be given] | C17: Dropdown menu 1. Yes 2. No Enumeration line number: |___|___|
A18: 209 | B18: Does the individual live with the family all the time? | C18: Dropdown menu 1. Yes 2. No | D18: =CONCATENATE("If =1-->Q",A20) -> If =1-->Q211
A19: 210 | B19: Does the individual stay over at least one time a week? | C19: Dropdown menu 1. Yes 2. No
A20: 211 | B20: What is the individual's martial status | C20: 1. Single* 2. Married 3. Divorced* 4. Widow(er) * 5. Separated* | D20: (For individuals ages 12 and over (check Q206)) If 1 3,4, or 5-->213
A21: 212 | B21: Does the spouse live with the family? *if the answer is yes, write the line number of the spouse | C21: "Dropdown menu 1. Yes 2. No Spouse's line number: |___|___| "
A22: 213 | B22: "Does the father live in the same housing? *if the answer is yes, write the line number of the father " | C22: "Dropdown menu 1. Yes 2. No Father's line number: |___|___| "
A23: 214 | B23: Does the mother live in the same housing? *if the answer is yes, write the line number of the mother | C23: Dropdown menu 1. Yes 2. No Mother's line number: |___|___|
A24: =A10+1 -> 1003 | B24: Is the individual him/herself being interviewed for the questionnaire? | C24: 1. Yes 2. No 3. Unable to answer for self | D24: =CONCATENATE("Only allow no response on the third visit, If yes -->", '2.1 Personal Biography'!A4) -> Only allow no response on the third visit, If yes -->2101
A25: =A24+1 -> 1004 | B25: Number of the responding individual
A28: Visit Number | B28: Date of Visit
A29: First | B29: =A25+1 -> 1005 | C29: Day
C30: Month
C31: Year
A32: Second | B32: =B29+1 -> 1006 | C32: Day
C33: Month
C34: Year
A35: Third | B35: =B32+1 -> 1007 | C35: Day
C36: Month
C37: Year

Sheet 2.1 Personal Biography
A1: Section 2 Personal Biography and Family Background
A2: 2.1 Individual's Personal Biography Ages 6+ based on Q206
A3: Question # | B3: Question | C3: Type of Question | D3: Validation Rule
A4: 2101 | B4: Date of birth [auto-populate from 205 and don't display]
A5: =A4+1 -> 2102 | B5: Age [auto-populate from 206 and don't display] | D5: =CONCATENATE("If age is <15, skip to",A29) -> If age is <15, skip to2121
A6: =A5+1 -> 2103 | B6: Have you ever been married? | C6: 1. Yes 2. No | D6: =CONCATENATE("Skip Pattern If 2-->",A29," Check with household Questionnaire,Q211: - If Q211=1, --> ",A6," =No - If Q211=(2 or 3 or 4 or 5) --> Q",A6,"=Yes") -> Skip Pattern If 2-->2121 Check with household Questionnaire,Q211: - If Q211=1, --> 2103 =No - If Q211=(2 or 3 or 4 or 5) --> Q2103=Yes
A7: =A6+1 -> 2104 | B7: How many times have you been married? | C7: 1. Once 2. Twice 3. Three times 4. Four times or more 98. Don't know
A8: First Marriage
A9: =A7+1 -> 2105 | B9: When was your first marriage? | C9: a. MONTH: Drop down menu (Jan-Dec), 98 if don't know b. YEAR: Drop down menu (1930-2016, if don't know 9998) | D9: =CONCATENATE("If year=9998, --> Q", A10," Otherwise -->",A11," and automatically calculate the age in ",A10," from ", A4, " Validation rule: Q",A9,"must be at least 8+year of birth ") -> If year=9998, --> Q2106 Otherwise -->2107 and automatically calculate the age in 2106 from 2101 Validation rule: Q2105must be at least 8+year of birth
A10: =A9+1 -> 2106 | B10: How old were you when you got married for the first time (in completed years)? | C10: Age: _____________ *if don't know, 98 | D10: Textbox accepting integers
A11: =A10+1 -> 2107 | B11: Did this marriage end through divorce or widowhood? | C11: 1. Yes, divorce 2. Yes, widowhood 3. No 98. Don't know | D11: =CONCATENATE("Skip Pattern: If 3 or 98 --> Check ", A7, " If Q", A7," =1 or 98 --> Q", A29, " If Q", A7,"----> else --> Q", A14, " If Q",A7,"=1 & Q",A11,"= 1 or 2 --> Check the household Questionnaire; Q211 should be either 3 or 4") -> Skip Pattern: If 3 or 98 --> Check 2104 If Q2104 =1 or 98 --> Q2121 If Q2104----> else --> Q2109 If Q2104=1 & Q2107= 1 or 2 --> Check the household Questionnaire; Q211 should be either 3 or 4
A12: =A11+1 -> 2108 | B12: When did this marriage end (year)? | C12: Drop down menu (Don’t Remember 9998 & 1930-2016) | D12: =CONCATENATE("Skip Pattern: If Q",A7," =1 or 98 --> Q",A29, " If Q", A7," ---> else --> Q", A14) -> Skip Pattern: If Q2104 =1 or 98 --> Q2121 If Q2104 ---> else --> Q2109
A13: Second Marriage
A14: =A12+1 -> 2109 | B14: When was your second marriage? | C14: a. MONTH: Drop down menu (Jan-Dec), 98 if don't know b. YEAR: Drop down menu (1930-2016, if don't know 9998) | D14: =CONCATENATE("If year=9998, --> Q", A15," Otherwise -->",A16," and automatically calculate the age in ",A15," from ", A$4) -> If year=9998, --> Q2110 Otherwise -->2111 and automatically calculate the age in 2110 from 2101
A15: =A14+1 -> 2110 | B15: How old were you when you got married for the second time (in completed years)? | C15: Age: _____________ *if don't know, 98 | D15: Textbox accepting numbers
A16: =A15+1 -> 2111 | B16: Did this marriage end through divorce or widowhood? | C16: 1. Yes, divorce 2. Yes, widowhood 3. No 98. Don't know | D16: =CONCATENATE("Skip Pattern: If 3 or 98 --> Check ", A$7, " If Q", A$7," =2 --> Q", A$29, " If Q", A$7,"> 2--> Q", A19,) -> Skip Pattern: If 3 or 98 --> Check 2104 If Q2104 =2 --> Q2121 If Q2104> 2--> Q2113
A17: =A16+1 -> 2112 | B17: When did this marriage end (year)? | C17: Drop down menu (Don’t Remember 9998 & 1930-2016) | D17: =CONCATENATE("Skip Pattern: Check ", A$7, " If Q", A$7," =2 --> Q", A$29, " If Q", A$7,"> 2--> Q", A19,) -> Skip Pattern: Check 2104 If Q2104 =2 --> Q2121 If Q2104> 2--> Q2113
A18: Third Marriage
A19: =A17+1 -> 2113 | B19: When was your third marriage? | C19: a. MONTH: Drop down menu (Jan-Dec), 98 if don't know b. YEAR: Drop down menu (1930-2016, if don't know 9998) | D19: =CONCATENATE("If year=9998, --> Q", A20," Otherwise -->",A21," and automatically calculate the age in ",A20," from ", A$4) -> If year=9998, --> Q2114 Otherwise -->2115 and automatically calculate the age in 2114 from 2101
A20: =A19+1 -> 2114 | B20: How old were you when you got married for the third time (in completed years)? | C20: Age: _____________ *if don't know, 98 | D20: Textbox accepting numbers
A21: =A20+1 -> 2115 | B21: Did this marriage end through divorce or widowhood? | C21: 1. Yes, divorce 2. Yes, widowhood 3. No 98. Don't know | D21: =CONCATENATE("Skip Pattern: If 3 or 98 --> Check ", A$7, " If Q", A$7," =3 --> Q", A$29, " If Q", A$7,"> 3--> Q", A24,) -> Skip Pattern: If 3 or 98 --> Check 2104 If Q2104 =3 --> Q2121 If Q2104> 3--> Q2117
A22: =A21+1 -> 2116 | B22: When did this marriage end? | C22: Drop down menu (Don’t Remember 9998 & 1930-2016) | D22: =CONCATENATE("Skip Pattern: Check ", A$7, " If Q", A$7," =3 --> Q", A$29, " If Q", A$7,"> 3--> Q", A24,) -> Skip Pattern: Check 2104 If Q2104 =3 --> Q2121 If Q2104> 3--> Q2117
A23: Fourth Marriage
A24: =A22+1 -> 2117 | B24: When was your fourth marriage? | C24: a. MONTH: Drop down menu (Jan-Dec), 98 if don't know b. YEAR: Drop down menu (1930-2016, if don't know 9998) | D24: =CONCATENATE("If year=9998, --> Q", A25," Otherwise -->",A26," and automatically calculate the age in ",A25," from ", A$4) -> If year=9998, --> Q2118 Otherwise -->2119 and automatically calculate the age in 2118 from 2101
A25: =A24+1 -> 2118 | B25: How old were you when you got married for the fourth time (in completed years)? | C25: Age: _____________ *if don't know, 98 | D25: Textbox accepting numbers
A26: =A25+1 -> 2119 | B26: Did this marriage end through divorce or widowhood? | C26: 1. Yes, divorce 2. Yes, widowhood 2. No 98. Don't know | D26: =CONCATENATE("Skip Pattern: If 3 or 98 -->",A29) -> Skip Pattern: If 3 or 98 -->2121
A27: =A26+1 -> 2120 | B27: When did this marriage end (year)? | C27: Drop down menu (Don’t Remember 9998 & 1930-2016)
A28: Education Years
A29: =A27+1 -> 2121 | B29: What year did you start your education for the first time? (starting grade 1) ** the interviewer should select N/A in case the individual did not go to school at all. | C29: Dropdown menu (1930-2016 Don't remember/don't know: 9998 Not applicable: 9999) | D29: =CONCATENATE("If 9999 --> Q", A46," If 9998 -->",A30," Otherwise -->",A31, " and automatically calculate age") -> If 9999 --> Q2135 If 9998 -->2122 Otherwise -->2123 and automatically calculate age
A30: =A29+1 -> 2122 | B30: How old were you when you started your education for the first time? | C30: Age: |___|___| *If don't know, 98
A31: =A30+1 -> 2123 | B31: Did you discontinue your education for a period longer than 6 months and then resume? | C31: 1. Yes 2. No 98. Don't know | D31: =CONCATENATE("Skip Pattern: If 2 or 98 --> Q",A36) -> Skip Pattern: If 2 or 98 --> Q2127
A32: =A31+1 -> 2124 | B32: How many times did you discontinue your education for more than 6 months and then resume? | C32: 1. Once 2. Twice 3. More than Twice 98. Don't know | D32: =CONCATENATE("Skip Pattern: If 98 --> Q",A36 ) -> Skip Pattern: If 98 --> Q2127
B33: Discontinued Once
A34: =A32+1 -> 2125 | B34: What year did you discontinue your education for the first time? | C34: Dropdown menu (1930-2016, if don't know: 9998)
A35: =A34+1 -> 2126 | B35: What year did you resume your education after the first break? | C35: Dropdown menu (1930-2016, if don't know: 9998) | D35: =CONCATENATE("Skip Pattern: If Q", A32,"=2 or =3 --> Q",A40) -> Skip Pattern: If Q2124=2 or =3 --> Q2130
A36: =A35+1 -> 2127 | B36: Are you currently enrolled in education? | C36: 1. Yes 2. No | D36: =CONCATENATE("Skip Pattern: If 1 --> Q",A46) -> Skip Pattern: If 1 --> Q2135
A37: =A36+1 -> 2128 | B37: What year did you complete or leave your education? | C37: Dropdown menu (1930-2016 Don't remember/don't know: 9998 | D37: =CONCATENATE("If 9998 -->",A38, " Otherwise --> Q",A46, " and automatically calculate age of school completion") -> If 9998 -->2129 Otherwise --> Q2135 and automatically calculate age of school completion
A38: =A37+1 -> 2129 | B38: How old were you when you completed your education? | C38: Age: |___|___| *If don't know, 98 | D38: =CONCATENATE("After answering --> Q", A46) -> After answering --> Q2135
B39: Discontinued Twice or More
A40: =A38+1 -> 2130 | B40: What year did you discontinue your education for the second time? | C40: Dropdown menu (1930-2016, if don't know: 9998)
A41: =A40+1 -> 2131 | B41: What year did you resume your education after the second break? | C41: Dropdown menu (1930-2016, if don't know: 9998)
A42: =A41+1 -> 2132 | B42: Are you currently enrolled in education? | C42: 1. Yes 2. No | D42: =CONCATENATE("Skip Pattern: If 1 --> Q",A46) -> Skip Pattern: If 1 --> Q2135
A43: =A42+1 -> 2133 | B43: The year finished your studies ** if the individual discountinued studies > 2 times, ask about the year of finishing the studies after the last return | C43: Dropdown menu (1930-2016 don't know: 9998 | D43: =CONCATENATE("If 9998 --> Q",A44," Otherwise ---> Q",A46, " and automatically calculate age in ",A44) -> If 9998 --> Q2134 Otherwise ---> Q2135 and automatically calculate age in 2134
A44: =A43+1 -> 2134 | B44: How old were you when you completed your education? | C44: Age: |___|___| *If don't know, 98
A45: Years of work
A46: =A44+1 -> 2135 | B46: Have you ever worked for more than 6 months consecutively or are currently working? | C46: 1. Yes 2. No 98. Don't know | D46: =CONCATENATE("If 2 or 98 --> Q",A50) -> If 2 or 98 --> Q2138
A47: =A46+1 -> 2136 | B47: How many main jobs did you work in, consecutively? **include only those jobs that lasted for a period longer than 6 months | C47: Dropdown menu: {1-15}
A48: =A47+1 -> 2137 | B48: Please state the start year and end year of each job | D48: =CONCATENATE(" # of rows to be provided = # provided in Q",A47," From and to should be dropdown menus: (1930-2016) + don't know 9998 + Not applicable (still in job) 9999 (can only give in last job)" ) -> # of rows to be provided = # provided in Q2136 From and to should be dropdown menus: (1930-2016) + don't know 9998 + Not applicable (still in job) 9999 (can only give in last job)
A49: Housing Mobility : Moving inside the same sub-district (qadaa') from one urban municipality to another or from one rural area to another are not included as moves. Likewise, a move that lasted less than 6 months does not count as a move nor does moving as a result of military service.
A50: =A48+1 -> 2138 | B50: Were you born inside or outside of Jordan? | C50: 1. Inside 2. Outside 98. Don't know | D50: =CONCATENATE("if 2 -->", A54,"; If 98 -->",A55) -> if 2 -->2142; If 98 -->2143
A51: =A50+1 -> 2139 | B51: In which governate, district, subdistrict, and locality were you born? | C51: Governate: _______________________ District: _________________________ Subdistrict: ____________________ Locality: ____________________ | D51: Hierarchical (& searchable) dropdown menus with all governates, districts, subdistricts, localities in Jordan
A52: =A51+1 -> 2140 | B52: SKIPPED
A53: =A52+1 -> 2141 | B53: Did you move from the place of birth? | C53: 1. Yes 2. No 98. Don't know | D53: =CONCATENATE("If 1 -->", A55, " If 2 or 98, --> next section") -> If 1 -->2143 If 2 or 98, --> next section
A54: =A53+1 -> 2142 | B54: In which country were you born? | C54: Dropdown menu with world countries; 998 if don't know
A55: =A54+1 -> 2143 | B55: How many times did you move? | C55: Drop down menu {1-15} + Write 98 if don't know | D55: If 98, --> next section
A56: Data about moving | C56: (Show questions below for each move) | D56: =CONCATENATE("# of repeats of question sequence ",A57, " to ",A61, " = answer to ",A55) -> # of repeats of question sequence 2144 to 2148 = answer to 2143
A57: =A55+1 -> 2144 | B57: Did you move to inside or outside Jordan? | C57: 1. Inside 2. Outside | D57: =CONCATENATE("If =2 -->",A59) -> If =2 -->2146
A58: =A57+1 -> 2145 | B58: To which governate, district, subdistrict, and locality did you move? | C58: Governate: ______________ District: ________________ Subdistrict:___________________ Locality _________________ *Provide hierarchical dropdown menus Don't know: 98 | D58: =CONCATENATE("-->",A60) -> -->2147
A59: =A58+1 -> 2146 | B59: To which country did you move? | C59: Dropdown menu with countries of the world; don’t know: 998
A60: =A59+1 -> 2147 | B60: When did you move? | C60: Dropdown menus (1900-2016), don't know 9998 | D60: Confirm that last move is current address
A61: =A60+1 -> 2148 | B61: Why did you move? | C61: Dropdown menu with the following options: 1. Work 2. Education 3. Marriage 4. Accompanying a family member 5. Reasons pertaining to housing 6. Fleeing violence/persecution or for security 97. Other (specify) *If 97, provide textbox

Sheet 2.2 Father's characteristics
A1: Section 2 Personal Biography and Family Background
A2: Section 2.2 Father's Characteristics Ages 6+ based on Q206
A4: Question # | B4: Question | C4: Type of Question | D4: Validation
A5: 2201 | B5: Does this individual's father live in the same household? [auto-populate from 213] | C5: 1. Yes 2. No 98. Don't know | D5: =CONCATENATE("Verify with housheold questionniare If 1 -->",A6, " If 2 or 98 -->",A7) -> Verify with housheold questionniare If 1 -->2202 If 2 or 98 -->2203
A6: =A5+1 -> 2202 | B6: Enter father's line number [auto-populate from 213] | C6: Dropdown menu with the names (or given numbers) of members of the household | D6: Link with other Questionnaires household Questionnaire Verify with household questionnaire response - The names of the household members with their given serial number should be included in the dropdown menu Skip Pattern: After answering --> next section
A7: =A6+1 -> 2203 | B7: When was your father born? | C7: Drop down menu 1850-2016 Don’t know 9998
A8: =A7+1 -> 2204 | B8: What is your father’s highest educational certificate? | C8: 1. Illiterate
C9: 2. Read and Write
C10: 3. Primary
C11: 4. Preparatory
C12: 5. Basic
C13: 6. Vocational edu.
C14: 7. Secondary
C15: 8. Intermediate diploma
C16: 9. BA
C17: 10. Post-graduate Diploma
C18: 11. MA
C19: 12. PhD
C20: 98. Don't know
A21: =A8+1 -> 2205 | B21: What was father's main employment status when you were 15 of age? (If father died before individual reached 15, s/he should be asked about father's last work, if individual is under 15, ask about current father's status) | C21: Dropdown menu with the following choices: | D21: Skip Pattern: If 7 or 98 --> next section
C22: 1. Reguar wage worker
C23: 2. Irregular wage worker
C24: 3. Employer
C25: 4. Self employed
C26: 5. Unpaid worker for family
C27: 6. Unpaid worker for others
C28: 7. No job
C29: 98. Don't know
A30: =A21+1 -> 2206 | B30: What was your father’s main occupation when you were 15 years of age? (If father died before individual reached 15, s/he should be asked about father's last work, if individual is under 15, ask about current father's status) Note: write 98 if DK | C30: Occupation: | D30: Provide a textbox
A31: =A30+1 -> 2207 | B31: Sector of father's job when s/he was 15 years old? (If father died before individual reached 15, s/he should be asked about father's last work, if individual is under 15, ask about current father's status) | C31: 1. Government | D31: If 97, provide a textbox
C32: 2. Public Enterprise
C33: 3. Private sector
C34: 4. International organization
C35: 97. Other, specify
C36: 98. Don't know

Sheet 2.3 Mother's characteristics
A1: Section 2. Personal Biography and Family Background
A2: Section 2.3 Mother's Characteristics Ages 6+ based on Q206
A4: Question # | B4: Question | C4: Type of Question | D4: Validation
A5: 2301 | B5: Does this individual's mother live in the same household? [autopopulate from 214] | C5: 1. Yes 2. No 98. Don't know | D5: =CONCATENATE("Verify with housheold questionniare If 1 -->",A6, " If 2 or 98 -->",A7) -> Verify with housheold questionniare If 1 -->2302 If 2 or 98 -->2303
A6: =A5+1 -> 2302 | B6: Enter mother's line number [autopopulate from 214] | C6: Dropdown menu with the names (+ given numbers) of members of the houshold | D6: Link with other Questionnaires household Questionnaire Verify with household questionnaire response - The names of the household members with their given serial number should be included in the dropdown menu Skip Pattern: After answering --> next section
A7: =A6+1 -> 2303 | B7: When was your mother born? | C7: Drop down menu 1850-2016 Don’t know 9998
A8: =A7+1 -> 2304 | B8: What is your mother's highest educational certificate? | C8: 1. Illiterate
C9: 2. Read and Write
C10: 3. Primary
C11: 4. Preparatory
C12: 5. Basic
C13: 6. Vocational edu.
C14: 7. Secondary
C15: 8. Intermediate diploma
C16: 9. BA
C17: 10. Post-graduate Diploma
C18: 11. MA
C19: 12. PhD
C20: 98. Don't know
A21: =A8+1 -> 2305 | B21: What was mother's main employment status when you were 15 years of age? If mother died before individual reached 15, s/he should be asked about mother's last work. If individual is less than 15, ask about mother's current status) | C21: Dropdown menu with the following choices: | D21: Skip Pattern: If answer is 7 or 98 --> next section
C22: 1. Reguar wage worker
C23: 2. Irregular wage worker
C24: 3. Employer
C25: 4. Self employed
C26: 5. Unpaid worker for family
C27: 6. Unpaid worker for others
C28: 7. No job
C29: 98. Don't know
A30: =A21+1 -> 2306 | B30: What was your mother’s main occupation when you were 15 years of age? ( If mother died before individual reached 15, s/he should be asked about mother's last work. If individual is less than 15, ask about mother's current status) Note: write 98 if DK | C30: Occupation: | D30: Text box
A31: =A30+1 -> 2307 | B31: Sector of mother's job when she/he 15 years of age ( If mother died before individual reached 15, s/he should be asked about mother's last work. If individual is less than 15, ask about mother's current status) | D31: If 97, provide a textbox
C32: 1. Government
C33: 2. Public Enterprise
C34: 3. Private sector
C35: 4. International organization
C36: 97. Other, specify
C37: 98. Don't know

Sheet 2.4 Siblings
A1: Section 2.4 Siblings (whether present or absent)
D2: Ages 6+ based on Q206
A3: Question # | B3: Question | C3: Question Type | D3: Validation
A4: 2401 | B4: How many living brothers/sisters do you have? | C4: Males: |___|___| Females: |___|___| | D4: =CONCATENATE("Provide numerical textboxes or drop down menus Skip Pattern: If sum of Males and females = 0 --> Q", A13, " If age<15, -->Q",A13) -> Provide numerical textboxes or drop down menus Skip Pattern: If sum of Males and females = 0 --> Q2411 If age<15, -->Q2411
A5: 2402 | B5: Did any of your siblings migrate (live) abroad and did not return back? | C5: 1. Yes 2. No 98. Don't know | D5: =CONCATENATE(" If 2 or 98 --> Q", A13) -> If 2 or 98 --> Q2411
A6: 2403 | B6: How many brothers and sisters have migrated (or live) abroad? | C6: Males: |___|___| Females: |___|___| | D6: Provide numerical textboxes or drop down menus
A8: =A6+1 -> 2404 | B8: =A8+1 -> 2405 | C8: =B8+1 -> 2406 | D8: =C8+1 -> 2407 | E8: =D8+1 -> 2408 | F8: =E8+1 -> 2409 | G8: =F8+1 -> 2410
A9: serial # of traveling sibling | B9: Name of the sibling residing abroad | C9: Gender of the sibling residing abroad | D9: Did this sibling migrate with his entire family? | E9: How many individuals migrated with him/her? | F9: In which country is this individual living now? | G9: When was the first time s/he left Jordan?
A10: 1 | C10: 1. Male 2. Female | D10: 1. Yes 2. No 98. Don't know | E10: Dropdown menu from (1-15), 98 if don't know | F10: List of the world countries | G10: Dropdown menu (1930-2016, don't know: 9998)
A11: 2 | D11: =CONCATENATE("If Q",D8,"=2 or 98-->Q",F8) -> If Q2407=2 or 98-->Q2409 | G11: =CONCATENATE("Number of rows equals the sum of males and females provided in ",A6) -> Number of rows equals the sum of males and females provided in 2403
A13: =G8+1 -> 2411 | B13: Did any of your brothers/sisters die? | C13: 1. Yes 2. No 98. Don't know | D13: =CONCATENATE(" If 2 or 98 --> Q",A19 ) -> If 2 or 98 --> Q2417
A14: =A13+1 -> 2412 | B14: How many brothers/sisters died? | C14: Males: |___|___| Females: |___|___| | D14: Provide numerical textboxes or drop down menus
A15: =A14+1 -> 2413 | B15: Did any of these die before the age of 5? | C15: 1. Yes 2. No 98. Don't know | D15: =CONCATENATE(" If 2 or 98 --> Q",A17) -> If 2 or 98 --> Q2415
A16: =A15+1 -> 2414 | B16: How many brothers/sisters died before they were 5 years old? | C16: Males: |___|___| Females: |___|___| *If don't know, 98 | D16: Provide numerical textboxes or drop down menus
A17: =A16+1 -> 2415 | B17: Did any of these die after 2010? | C17: 1. Yes 2. No 98. Don't know | D17: =CONCATENATE("If 2 or 98 --> Q",A19) -> If 2 or 98 --> Q2417
A18: =A17+1 -> 2416 | B18: How many brothers/sisters died after 2010? | C18: Males: |___|___| Females: |___|___| *If don't know, 98 | D18: Provide numerical textboxes or drop down menus
A19: =A18+1 -> 2417 | B19: What is (was) your birth order among all your siblings including those who passed away? | C19: Dropdown from (1st to 15th), don't know = 98
A20: =A19+1 -> 2418 | B20: What's your birth order among your siblings of your same sex? | C20: Dropdown from (1st to 15th), don't know = 98

Sheet 2.5 Health
A1: Section 2.5 Health Issues
B2: Ages 6+ based on Q206
A3: Question # | B3: Question | C3: Type of Question | D3: Validation
A4: 2501 | B4: How is your health in general? | C4: Multiple Choice: 1. very good / excellent 2. good 3. fair 4. bad 5. very bad 98. Don't know
A5: =A4+1 -> 2502 | B5: Do you have any health insurance and if so, what type of health insurance do you have? (If multiple, list the one you rely on the most) | C5: Multiple Choice: 1. No health insurance 2. Ministry of Health 3. Royal Medical Services 4. University Hostpitals 5. UNRWA Hostpital 6. Private health insurance 97. Other (Specifiy) 98. Don't know | D5: If 97 --> provide a textbox
A6: =A5+1 -> 2503 | B6: When you are ill or seeking health care advice, where do you usually go? (If multiple, list the one you rely on the most) | C6: 1. Don't go anywhere 2. Local traditional healer 3. Pharmacy 4. Public hospital/clinic 5. Private hospital/clinic 6. Mosque/church hospital/clinic 7. International organization/NGO hospital/clinic 97. Other (specify) | D6: If 97 --> provide a textbox
A7: =A6+1 -> 2504 | B7: Do you have any longstanding illness / chronic diseases? | C7: 1. Yes 2. No 98- don't know | D7: =CONCATENATE(" If 2 or 98 -->Q",A9 ) -> If 2 or 98 -->Q2506
A8: =A7+1 -> 2505 | B8: Which diseases? (rank in order of severity) | C8: First disease: Second Disease: Third Disease: Provide three Dropdown Menus with the following choices: 1. High blood pressure 2. Arthritis 3. Diabetes 4. Bronchial asthma 5. Chronic bronchitis 6. Ulcer 7. Mental Health 8. Multiple sclerosis 9. Anemia 10. Malignant tumor 11.Hepatitis (Virus C) 12. Chronic diarrhea 97.Other (Specify) 98. Don't know 99. N/A (Second and third disease only) | D8: Validation: Once the person picks an answer, it should disappear from the following dropdown menus. If 97, provide textbox 99 available only for second and third disease
A9: =A8+1 -> 2506 | B9: Do you have any kind of mental or physical disability? | C9: 1. Yes 2. No 98. Don't know | D9: =CONCATENATE("If 2 or 98-->Q",A12) -> If 2 or 98-->Q2509
A10: =A9+1 -> 2507 | B10: What is the main disability? | C10: 1. Learning disability (Mental) 2. Mobility disability (physical) 3. Visual disability 4. Audio disability 5. Speaking Disability 97. Other (specify) 98. Don’t' know | D10: If 97 --> provide a textbox
A11: =A10+1 -> 2508 | B11: Are you currently limited in normal daily activities because of a health problem or a disability that has lasted for six months or more? | C11: Multiple Choice: 1.Yes, to a great extent 2. Yes, limited (to some extent) 3.No, not limited 98. Don't know
A12: =A11+1 -> 2509 | B12: How often did you eat three 'square meals' (full stomach meals) a day in the past 12 months (not a celebration/holiday)? | C12: 1. Almost everyday (3 meals each day) 2. Often (3 at least a few times each week) 3. Sometimes (3 per day 7-12 times this year) 4. Rarely (3 per day only 1-6 times this year) 5. Never
A13: =A12+1 -> 2510 | B13: In the last 12 months how often did you yourself skip entire meals due to scarcity of food? | C13: 1. Never 2. Rarely (only 1-6 times this year) 3. Sometimes (7-12 times this year) 4. Often (a few times each month) 5. Mostly (most days/weeks)
A14: =A13+1 -> 2511 | B14: In the last 12 months how often did you yourself eat less food in a meal due to scarcity of food? | C14: 1. Never 2. Rarely (only 1-6 times this year) 3. Sometimes (7-12 times this year) 4. Often (a few times each month) 5. Mostly (most days/weeks)

Sheet 3.0 Education
A1: Section 3. Education Ages 6+ based on Q206
A3: Question # | B3: Question | C3: Type of Question | D3: Validation & Skip Patterns
A4: 3001 | B4: Do (or did) you go to school? | C4: Multiple Choice: 1. never been 2. have been to school in the past 3. studying at present | D4: =CONCATENATE("Skip Pattern: if 1 -->",A5," if 2-->",A6," if 3-->",A9," Question Validation If 1 --> Q",'2.1 Personal Biography'!A29, " should be 9999 N/A ") -> Skip Pattern: if 1 -->3002 if 2-->3003 if 3-->3006 Question Validation If 1 --> Q2121 should be 9999 N/A
A5: =A4+1 -> 3002 | B5: Why didn’t you go to school? (the main reason) | C5: Dropdown Menu: 1. no available school 2. fees are too high 3. school is too far 4. Poverty 5. family disintegration 6. Disease, disability 7. Difficulty of transportation 8. Marriage 9. Look after the family 10. was not successful at school 11. individual not wanting to 12. Work 13. parents did not want to 14. Customs and Traditions 15. Violence/conflict/ absence of security 98. Don't know 97. other (specify) | D5: =CONCATENATE("If 97, provide textbox Skip Pattern After answering --> Q",A80) -> If 97, provide textbox Skip Pattern After answering --> Q3073
A6: =A5+1 -> 3003 | B6: Why did you leave school? (main reason) | C6: Primary Reason : (dropdown menu) Secondary Reason: (dropdown menu) *Dropdown menus include the following options: 1. Completed all stages of education 2. Disease, disability 3. Poor family 4. family disintegration 5. School is too far or not available 6. Difficulty of transportation 7. Marriage 8. had to help at home 9. Didn't do well at school 10. I did not want to finish 11. Work 12. High tuition costs 13. Pregnancy and giving birth 14. maltreatment at school 15. repetitive failure 16. behavioural reasons (dismiss) 17. Violence/conflict/ absence of security 97. other (mention) 98. Don't know 99. n/a (secondary reason only) | D6: =CONCATENATE("If 97, provide textbox If age in ", '2.1 Personal Biography'!A5,"< 42 --> Q",A9) -> If 97, provide textbox If age in 2102< 42 --> Q3006
A7: =A6+1 -> 3004 | B7: What is the highest level of schooling you entered and what grade did you complete successfully in that level? | C7: Stage Dropdown menu with the following options: 1. Primary 2. Preparatory 3. Basic 4. Vocational 5. Secondary 6. Intermediate diploma 7. Bachelor's 8. Post-graduate Diploma 9. MA 10. PhD | D7: =CONCATENATE("Range for the grade should be: 0-6 if primary 1 0-3 if preparatory 2 0-10 if basic 3 0-2 if vocational, secondary, or intermediate diploma 4,5,6 0-6 if Bachelor's"," 7 0-3 if post-graduate diploma 8 0-4 MA 9 0-10 PhD 10 Lock survey from continuing until the year has been entered. Skip pattern: if 1, 2, 3, 4, or (5 & year is 0 or 1) --> Q", A79) -> Range for the grade should be: 0-6 if primary 1 0-3 if preparatory 2 0-10 if basic 3 0-2 if vocational, secondary, or intermediate diploma 4,5,6 0-6 if Bachelor's 7 0-3 if post-graduate diploma 8 0-4 MA 9 0-10 PhD 10 Lock survey from continuing until the year has been entered. Skip pattern: if 1, 2, 3, 4, or (5 & year is 0 or 1) --> Q3072
A8: =A7+1 -> 3005 | B8: What degree and specializaion did you receive? | C8: Degree dropdown menu with the following options: 1. Secondary 2. Post-secondary 3. Bachelor's 4. Higher Degree 5. Master's 6. Doctorate 98. Don't know 97. Other (specify) Two hierarchical dropdown menus: Specialization (level 2), if other 97 & specify; if don't know 98 Specialization (level 3) if other 997 & specify; if don't know 998 | D8: =CONCATENATE("Dropdown menu with the certificate specialization codes & 9999 for not applicable If 97, provide textbox After answering --> Q",A79) -> Dropdown menu with the certificate specialization codes & 9999 for not applicable If 97, provide textbox After answering --> Q3072
A9: =A8+1 -> 3006 | B9: What is the highest level of schooling you entered and what grade did you completed in that level successfully? | C9: Stage Dropdown menu with the following options: 1. Basic 2. Vocational 3. Secondary 4. Intermediate diploma 5. Bachelor's 6. Post-graduate diploma 7. Master's 8. PhD | D9: =CONCATENATE("*Range for the grade should be: 0-10 if basic 0-2 if vocational, secondary, or intermediate diploma 0-6 if Bachelor's 0-3 if post-graduate diploma"," 0-4 MA 0-10 PhD Lock survey from continuing until the year has been entered. Skip pattern: If 1 --> Q", A40," If 2 or 3 --> Q",A26," If 4 or 5 --> Q",A16) -> *Range for the grade should be: 0-10 if basic 0-2 if vocational, secondary, or intermediate diploma 0-6 if Bachelor's 0-3 if post-graduate diploma 0-4 MA 0-10 PhD Lock survey from continuing until the year has been entered. Skip pattern: If 1 --> Q3037 If 2 or 3 --> Q3023 If 4 or 5 --> Q3013
A10: =A9+1 -> 3007 | B10: What type of university did you attend for your post-graduate studies? | C10: 1. Public/government 2. Private 4. Outside Jordan 98. Don't know | D10: =CONCATENATE("If 4 --> ",A12," if 98 -->",A13) -> If 4 --> 3009 if 98 -->3010
A11: =A10+1 -> 3008 | B11: What is the name of the university you attended (are attending) for your post graduate studies? | C11: Dropdown menu with names of universities found in Jordan 97 for other, 98 for don't know | D11: =CONCATENATE("Hierarchical ( and searchable) dropdown menu based on answer in ",A10," Validation: If the choice was not provided, the person should select 97, other. Skip Pattern: after answering -->",A13) -> Hierarchical ( and searchable) dropdown menu based on answer in 3007 Validation: If the choice was not provided, the person should select 97, other. Skip Pattern: after answering -->3010
A12: =A11+1 -> 3009 | B12: Select the name of the country for post-graduate studies | C12: List of Countries
A13: =A12+1 -> 3010 | B13: What degree and specializaion did you (or will) receive? | C13: Degree (dropdown menu with the following options): 1. Post-graduate diploma 2. Master's 3. Doctorate 97. Other (specify) 98. Don't know Two hierarchical dropdown menus: Specialization (level 2) Specialization (level 5) | D13: =CONCATENATE("if 97 then provide a textbox skip pattern: Check Q",A4,",: If Q",A4,"=3 --> Q",A16," If Q",A4, "=2 --> Q",A14," *Dropdown menu with certification specialization codes, 9997 if other, 9998 if don't know") -> if 97 then provide a textbox skip pattern: Check Q3001,: If Q3001=3 --> Q3013 If Q3001=2 --> Q3011 *Dropdown menu with certification specialization codes, 9997 if other, 9998 if don't know
A14: =A13+1 -> 3011 | B14: What year did you complete your post graduate degree? | C14: YEAR Dropdown menu {1930-2016}, don't know: 9998, N/A 9999 | D14: =CONCATENATE("Check year with Q",'2.1 Personal Biography'!A37," or Q",'2.1 Personal Biography'!A43, " If year given, automatically calculate Q",A15) -> Check year with Q2128 or Q2133 If year given, automatically calculate Q3012
A15: =A14+1 -> 3012 | B15: How old were you when you completed your post graduate degree? | C15: Age : {15-90, 98 if don't know, N/A 99}
A16: =A15+1 -> 3013 | B16: What kind of university/institute did you attend for your bachelor or intermediate diploma studies? | C16: 1. Public Community college 2. Private Community college/ international organizations 3. Public university 4. Private University 5. University Abroad 97. Other (Specify) 98. Don't know | D16: =CONCATENATE("Skip Pattern: if 5 --> ",A18," If 97, provide a textbox") -> Skip Pattern: if 5 --> 3015 If 97, provide a textbox
A17: =A16+1 -> 3014 | B17: What is the name of the university or institute you attended (are attending) for either community college or university? | C17: Dropdown menu with names of universities found in Jordan 97 for other, 98 for don't know | D17: =CONCATENATE("Hierarchical ( and searchable) dropdown menu based on answer in ",A16," Validation: If the choice was not provided, the person should select 97, other. Skip Pattern: after answering -->",A19) -> Hierarchical ( and searchable) dropdown menu based on answer in 3013 Validation: If the choice was not provided, the person should select 97, other. Skip Pattern: after answering -->3016
A18: =A17+1 -> 3015 | B18: What was the name of the country? | C18: List of Countries
A19: =A18+1 -> 3016 | B19: What degree and specializaion did you (or will) receive? | C19: 1. College Degree 2. Comperhensive Exam for Intermidate Diploma 3. Bachelor 97. Other (specify) 98. Don't know Specialization, level 2: ______________ Specialization, level 5: ___________________ | D19: =CONCATENATE("if 97 then provide a textbox *Dropdown menu with certification specialization codes, 9997 if other, 9998 if don't know") -> if 97 then provide a textbox *Dropdown menu with certification specialization codes, 9997 if other, 9998 if don't know
A20: =A19+1 -> 3017 | B20: What is/was the main language of instruction at this institution? | C20: 1- Arabic 2- French 3- English 97- Other (Specify) 98. Don't know | D20: If 97, provide a textbox
A21: =A20+1 -> 3018 | B21: What year did you start your university or intermediate diploma education? | C21: YEAR Dropdown menu {1930-2016, 9998 if don't know} | D21: =CONCATENATE("If 9998 -->",A22," Otherwise, Check Q",A4,": if Q",A4,"=3 & Q",A9,"=4 or 5 -->",A26," if Q",A4,"=3 & Q",A9,"=6 or 7 or 8 -->",A23," if Q",A4,"=2 -->", A23," Automatically calculate the age if year is not 9998") -> If 9998 -->3019 Otherwise, Check Q3001: if Q3001=3 & Q3006=4 or 5 -->3023 if Q3001=3 & Q3006=6 or 7 or 8 -->3020 if Q3001=2 -->3020 Automatically calculate the age if year is not 9998
A22: =A21+1 -> 3019 | B22: How old were you when you started your university or intermediate diploma education? | C22: Age : {15-90, 98 if don't know} | D22: =CONCATENATE(" Check Q",A4,": if Q",A4,"=3 & Q",A9,"=4 or 5 -->",A26," Automatically calculate the age if year is not 9998") -> Check Q3001: if Q3001=3 & Q3006=4 or 5 -->3023 Automatically calculate the age if year is not 9998
A23: =A22+1 -> 3020 | B23: What year did you complete your university or intermediate diploma education? | C23: YEAR Dropdown menu {1930-2016, 9998 if don't know, N/A 9999} | D23: =CONCATENATE("If 9998 -->",A24," If year given, automatically calculate Q",A24) -> If 9998 -->3021 If year given, automatically calculate Q3021
A24: =A23+1 -> 3021 | B24: How old were you when you completed your university or intermediate diploma education? | C24: Age : {15-90, 98 if don't know, N/A 99}
A25: =A24+1 -> 3022 | B25: What final grade did you achieve at the end of your university or intermeidate diploma studies? | C25: Multiple Choice: 1- Excellent 2. Very good 3. Good 4. Average 97. Other (Specify) 98. Don't know | D25: If 97, provide a textbox
A26: =A25+1 -> 3023 | B26: Where was your vocational or secondary school? | C26: 1. Inside Jordan 2. Outside Jordan 98. Don't know | D26: =CONCATENATE("If 2 --> Q",A28,"; if 98 -->",A30) -> If 2 --> Q3025; if 98 -->3027
A27: =A26+1 -> 3024 | B27: Select the governate and province: | C27: Governate: District | D27: =CONCATENATE("Provide hierarchical dropdown menus for governorate and district. After answering -->",A29) -> Provide hierarchical dropdown menus for governorate and district. After answering -->3026
A28: =A27+1 -> 3025 | B28: Select the name of the country | C28: Country: (dropdown list of countries) | D28: =CONCATENATE("After answering -->",A30) -> After answering -->3027
A29: =A28+1 -> 3026 | B29: What is the name of your vocational or secondary school? | C29: dropdown menu with the names of secondary schools found in Jordan, don't know = 9998 | D29: =CONCATENATE("*List only the schools found in the governorate selected in ",A27) -> *List only the schools found in the governorate selected in 3024
A30: =A29+1 -> 3027 | B30: What type of vocational or secondary school did/do you attend? | C30: 1. public (regular) 2. private 97. Other (specify) 98. Don't Know | D30: =CONCATENATE(" If 97, provide a textbox") -> If 97, provide a textbox
A31: =A30+1 -> 3028 | B31: Were you enrolled in the general or vocational branch of secondary school? | C31: 1- general/academic 2- vocational 98. Don't know | D31: =CONCATENATE("Skip Pattern If 2--> Q",A33) -> Skip Pattern If 2--> Q3030
A32: =A31+1 -> 3029 | B32: What was/is your major in general secondary education? | C32: 1. Sciences 2. Arts 3. Legal 4. Management 97. Other (Specify) 98. Don't know | D32: =CONCATENATE("If 97, provide a textbox Skip Pattern: Check Q", A4, " If Q",A4,"= 3 & Q",A9,"=2 or 3--> Q",A37, " If Q",A4,"= 3 & Q",A9,"=4-8--> Q",A34, " If Q",A4,"=2 --> Q",A34) -> If 97, provide a textbox Skip Pattern: Check Q3001 If Q3001= 3 & Q3006=2 or 3--> Q3034 If Q3001= 3 & Q3006=4-8--> Q3031 If Q3001=2 --> Q3031
A33: =A32+1 -> 3030 | B33: What was/is your major in vocational education? | C33: 1. commercial 2. nursing 3. manfacuring 4. agricultural 5. electrical 6. mechanical 7. home economics 8. postal 9. hotel 10. beauty 11. sewing 12. child education 13. health education 97. Other 98. don't know | D33: =CONCATENATE("If 97, provide a textbox Skip Pattern: Check Q", A4, " If Q",A4,"= 3 & Q",A9,"=2 or 3--> Q",A37, " If Q",A4,"= 3 & Q",A9,"=4-8--> Q",A34, " If Q",A4,"=2 --> Q",A34) -> If 97, provide a textbox Skip Pattern: Check Q3001 If Q3001= 3 & Q3006=2 or 3--> Q3034 If Q3001= 3 & Q3006=4-8--> Q3031 If Q3001=2 --> Q3031
A34: =A33+1 -> 3031 | B34: What grade did you achieve in the general or vocational secondary final exams? | C34: Score : ___ ___ ___ 996 if individual failed 999 if individual didn't take the test 998 if individual does not remember | D34: Max 3-digit number
A35: =A34+1 -> 3032 | B35: What year did you complete your vocational or secondary education? | C35: YEAR Dropdown menu {1930-2016, 9998 if don't know, N/A 9999} | D35: =CONCATENATE("If 9998 -->",A36," If year given, automatically calculate Q",A36) -> If 9998 -->3033 If year given, automatically calculate Q3033
A36: =A35+1 -> 3033 | B36: How old were you when you completed your vocational or secondary education? | C36: Age : {15-90, 98 if don't know, N/A 99}
A37: =A36+1 -> 3034 | B37: Are/Were there computers available for your use in your vocational or secondary school? | C37: Multiple Choice: 1. Everyday 2. Frequently 3. Sometimes 4. Rarely 5. No 98. Don't know 99. Not applicable (In the case where computers weren't used)
A38: =A37+1 -> 3035 | B38: Did/does your secondary school operate in two periods, morning and evening? | C38: 1. Yes 2. No 98. Don't know
A39: =A38+1 -> 3036 | B39: Are/Were students subject to physical punishment in your secondary school? | C39: Multiple Choice 1. Everyday 2. Frequently 3. Sometimes 4. Rarely 5. No 98. Don't know
A40: =A39+1 -> 3037 | B40: Where was the basic school you attended? | C40: 1. Inside Jordan 2. Outside Jordan 98. Don't know | D40: =CONCATENATE("If 2 --> Q",A42,"; if 98 -->",A44) -> If 2 --> Q3039; if 98 -->3041
A41: =A40+1 -> 3038 | B41: Select the governate and district: | C41: Governate: District: | D41: =CONCATENATE("Provide hierarchical dropdown menus for governorate and district. After answering -->",A43) -> Provide hierarchical dropdown menus for governorate and district. After answering -->3040
A42: =A41+1 -> 3039 | B42: Select the name of the country: | C42: country: (dropdown list of Countries) | D42: =CONCATENATE("After answering -->",A44) -> After answering -->3041
A43: =A42+1 -> 3040 | B43: What was the name of the basic school you attended? | C43: dropdown menu with the names of basic schools found in Jordan | D43: =CONCATENATE("*List only the schools found in the governorate selected in ",A41) -> *List only the schools found in the governorate selected in 3038
A44: =A43+1 -> 3041 | B44: What type of basic school did/do you attend? | C44: 1. public (regular) 2. private 3. International organization (UNWRA) 97. Other (specify) 98. Don't Know | D44: =CONCATENATE("If 97, provide a textbox Skip Pattern: Check Q",A4," if Q",A4,"=3 & Q",A9,"=1-->",A48) -> If 97, provide a textbox Skip Pattern: Check Q3001 if Q3001=3 & Q3006=1-->3045
A45: =A44+1 -> 3042 | B45: What final grade did you achieve at the end of basic school? | C45: Score : ___ ___ ___ 996 if individual failed 999 if individual didn't take the test 998 if individual does not remember | D45: 3-digits maximum
A46: =A45+1 -> 3043 | B46: What year did you complete your basic education? | C46: YEAR Dropdown menu {1930-2016, 9998 if don't know, N/A 9999} | D46: =CONCATENATE("If 9998 -->",A47," If year given, automatically calculate Q",A47,) -> If 9998 -->3044 If year given, automatically calculate Q3044
A47: =A46+1 -> 3044 | B47: How old were you when you completed your basic education? | C47: Age : {15-90, 98 if don't know, N/A 99}
A48: =A47+1 -> 3045 | B48: Are/Were there computers available for your use in the basic school? | C48: Multiple Choice: 1. Everyday 2. Frequently 3. Sometimes 4. Rarely 5. No 98. Don't know 99. Not applicable (In the case where computers weren't used)
A49: =A48+1 -> 3046 | B49: Did/does your preparatory school operate in two periods, morning and evening? | C49: 1. Yes 2. No 98. Don't know
A50: =A49+1 -> 3047 | B50: Are/Were students subject to physical punishment in your basic school? | C50: 1. Everyday 2. Frequently 3. Sometimes 4. Rarely 5. No 98. Don't know
A51: =A50+1 -> 3048 | B51: Before you attended basic school, have you ever been to kindergarten or attend preschool? | C51: 1. Yes 2. No 98. Don't know
A52: =A51+1 -> 3049 | B52: Have you ever repeated any year of the basic or the seconday stage of your education? | C52: 1. Yes 2. No 98. Don't know | D52: =CONCATENATE("Skip Pattern: If 2 or 98 -->",A55,"") -> Skip Pattern: If 2 or 98 -->3052
A53: =A52+1 -> 3050 | B53: How many years did you repeat at the basic level? | C53: Textbox accepting numbers: |___|___| If don't know, 98 | D53: =CONCATENATE("If ", A9, "=1-->Q", A55) -> If 3006=1-->Q3052
A54: =A53+1 -> 3051 | B54: How many years did you repeat at the vocational or secondary level? | C54: Textbox accepting numbers: |___|___| If don't know, 98
A55: =A54+1 -> 3052 | B55: Did you ever take any private lessons or participated in after school help groups while in school? | C55: 1. Yes, private lessons 2. Yes, after school help groups 3. Yes, both 4. Neither 98. don't know
A56: =A55+1 -> 3053 | B56: Were you enrolled in an educational institution in the past academic year? | C56: 1. Yes 2. No 98. Don't know | D56: =CONCATENATE("Skip Pattern: If 2 or 98 & ",A4, "=2 -->",A79, " If 2 or 98 & ",A4, "=3 -->",A75) -> Skip Pattern: If 2 or 98 & 3001=2 -->3072 If 2 or 98 & 3001=3 -->3068
A57: =A56+1 -> 3054 | B57: Did you take any private lessons in the previous academic year? | C57: 1. Yes 2. No 98. Don't know | D57: =CONCATENATE("Skip Pattern: If 2 or 98 --> Q",A66) -> Skip Pattern: If 2 or 98 --> Q3061
A58: =A57+1 -> 3055 | B58: Why did you take private lessons rather than just rely on after school help groups? | C58: Check box 1. help group not offered in my school or community 2. help group offered but not in the subjects I need help with 3. help group offered but not as good as private lessons 4. help groups are not enough 97. other reasons (mention) 98. Don't know | D58: If #97, provide a text box
A59: =A58+1 -> 3056 | B59: How many subjects did you take private lessons in? | C59: Number of subjects: ___ ____ (if don't know, write 98) | D59: Provide numerical textbox
A60: =A59+1 -> 3057 | B60: On average, how much did a lesson cost you and what was the frequency of payment ? | C60: 1. per hour: |___|___|___| | D60: Select frequency first, then quanity. The text box should accept only numbers. If don't know, write 998
C61: 2. per week |___|___|___|
C62: 3. per month |___|___|___|
A63: =A60+1 -> 3058 | B63: Over what period did you take private lessons? | C63: 1. Throughout the entire year 2. In the last three months of the year 3. In the last month of the year 4. Last two months of the year 5. Intermittently 6. During summer break 98. Don't know
A64: =A63+1 -> 3059 | B64: How much did these lessons cost you throughout the whole year? | C64: Cost for the year (in dinar): |___|___|___|___| *If don't know, write 9998 | D64: 4-digit numbers Accept integers only
A65: =A64+1 -> 3060 | B65: Were any of these lessons taught by one of your classroom teachers in school or college? | C65: 1. Yes 2. No 98. Don't know | D65: =CONCATENATE("Skip Pattern Check IF Q",A55," = 1,4, or 98 --> Q",A72) -> Skip Pattern Check IF Q3052 = 1,4, or 98 --> Q3065
A66: =A65+1 -> 3061 | B66: Did you participate in help groups in the previous year? | C66: 1. Yes 2. No 98. Don't know | D66: =CONCATENATE("Skip Pattern: If 2 or 98 --> Q",A72) -> Skip Pattern: If 2 or 98 --> Q3065
A67: =A66+1 -> 3062 | B67: How many subjects did you use help groups in? | C67: Number of subjects: ____ ____ (if don't know, write 98) | D67: one or two digit numbers Textbox accepting numbers only
A68: =A67+1 -> 3063 | B68: On average, how much did a help group cost you and what was the frequency of payment ? | C68: 1. cost per hour: |___|___|___| | D68: Provide numerical textbox; if don't know, write 998
C69: 2. cost per week: |___|___|___|
C70: 3. cost per month: |___|___|___|
A71: =A68+1 -> 3064 | B71: Were any of these help groups taught by one of your classroom teachers in school? | C71: 1. Yes 2. No 98. Don't know
A72: =A71+1 -> 3065 | B72: Did a parent or relative help you with your studies? | C72: 1. Yes 2. No 98. Don't know | D72: =CONCATENATE("Skip Pattern: If 2 or 98 -->",A74) -> Skip Pattern: If 2 or 98 -->3067
A73: =A72+1 -> 3066 | B73: Who was helping you with your studies? | C73: Multiple Choice 1- Father 2. Mother 3. both 4. Elder sibilings 5. other relatives 97. Other (Specify) 98. Don't know | D73: If 97, provide textbox.
A74: =A73+1 -> 3067 | B74: How much did your studies cost during the past academic year? | C74: Amount in Dinar: |___|___|___|___|___| *if don't know, 99998 | D74: =CONCATENATE("Provide textbox that accepts only numerical values. Skip Pattern: If ",A4, "=2 -->",A79) -> Provide textbox that accepts only numerical values. Skip Pattern: If 3001=2 -->3072
A75: =A74+1 -> 3068 | B75: How many hours do you spend daily at school? | C75: Number of hours: |___|___| *If don't know, 98 | D75: Provide numerical textbox
A76: =A75+1 -> 3069 | B76: Were you absent at any day last week? | C76: 1. Yes 2. No 98. Don't know | D76: =CONCATENATE("Skip Pattern If 2 or 98 --> Q",A79) -> Skip Pattern If 2 or 98 --> Q3072
A77: =A76+1 -> 3070 | B77: For how many days were you absent? | C77: Multiple Choice from {1-5}, *don't know = 98
A78: =A77+1 -> 3071 | B78: Why were you absent? Mention the two most important reasons | C78: Dropdown menu: First reason Dropdown menu: second reason Choices for the dropdown: 1. vacation period in school 2. teacher was absent 3. mistreatment from teachers and collegeues 4. bad weather 5. helping the family at work 6. helping the family at home 7. working outside family work 8. sick/ injured/ disability 97. Other (specify) 98. Don't know 99. not applicable (second reason only) | D78: If 97, provide a textbox
A79: =A78+1 -> 3072 | B79: =CONCATENATE(" Internal variable based on ",A7," and ",A9," Did individual complete primary/ preparatory/ basic school? ") -> Internal variable based on 3004 and 3006 Did individual complete primary/ preparatory/ basic school? | C79: 1. Yes 2. No 98. Don't know | D79: Skip Pattern If 1 --> next section
A80: =A79+1 -> 3073 | B80: Can you read a newspaper or letter? | C80: 1. Yes 2. No 98. Don't know
A81: =A80+1 -> 3074 | B81: Can you write a letter? | C81: 1. Yes 2. No 98. Don't know
A82: =A81+1 -> 3075 | B82: Can you do a simple arithmetic problem (addition or subtraction)? | C82: 1. Yes 2. No 98. Don't know | D82: Skip pattern: If age<15--> next section
A83: =A82+1 -> 3076 | B83: Have you ever joined a class/ session of “an adult literacy” program? | C83: 1. Yes 2. No 98. Don't know | D83: Skip Pattern If 2 or 98 --> next section
A84: =A83+1 -> 3077 | B84: Did you receive a certificate from an "adult literacy” Program? | C84: 1. Yes 2. No 98. Don't know | D84: =CONCATENATE("If Q",A84,"=2 or 98-->4.0") -> If Q3077=2 or 98-->4.0
A85: =A84+1 -> 3078 | B85: What year did you receive your certificate? | C85: YEAR Dropdown menu {1930-2016, 9998 if don't know} | D85: =CONCATENATE("If 9998 -->",A86," If year given, automatically calculate Q",A86, " and move to next section") -> If 9998 -->3079 If year given, automatically calculate Q3079 and move to next section
A86: =A85+1 -> 3079 | B86: How old were you when you received your certificate | C86: Age : {15-90, 98 if don't know}

Sheet 4.0 Past 7 days S & D Work
A1: Section 4.1 Subsistence and Domestic Work during the past 7 days
A2: Ages 6+ based on Q206
A3: Question # | B3: Question | C3: Type of Question | E3: Validation & Skip Patterns
A4: 4001 | B4: Were there any special events in your household during the past 7 days? | C4: 1. Dropdown: 1. Yes 2. No 98. Don't know Sub-questions: 1. Marriage | E4: If 97, provide textbox
C5: 2. Festivals
C6: 3. Deaths
C7: 4. Official Holiday
C8: 5. None
C9: 97. Other(specify)
A11: =A4+1 -> 4002 | B11: Did you spend time in the last 7 days doing any of the following activities? | C11: 1. Dropdown: 1. Yes 2. No 98. Don't know | D11: 2. Time spent (in hours and minutes)
B12: a. Did you spend time on agricultural activities for the purpose of your own householdconsumption in the past seven days? | C12: |___| | D12: |___||___|.|___|___|
B13: b. Did you spend time raising poultry/livestock for the purpose of your own household consumption in the past seven days? | C13: |___| | D13: |___||___|.|___|___|
B14: c. Did you spend time producing ghee/butter/ cheese for the purpose of your own household consumption in the past seven days? | C14: |___| | D14: |___||___|.|___|___|
B15: d. Did you spend time cooking in the past seven days? | C15: |___| | D15: |___||___|.|___|___|
B16: e. Did you spend time washing dishes in the past seven days? | C16: |___| | D16: |___||___|.|___|___|
B17: f. Did you spend time doing laundry and ironing in the past seven days? | C17: |___| | D17: |___||___|.|___|___|
B18: g. Did you spend time cleaning your house in the past seven days? | C18: |___| | D18: |___||___|.|___|___|
B19: h. Did you spend time helping in construction work for the household house in the past seven days? | C19: |___| | D19: |___||___|.|___|___|
B20: i. Did you spend time collecting firewood or other fuel in the past seven days? | C20: |___| | D20: |___||___|.|___|___|
B21: j. Did you spend time shopping for food, clothing, household items in the past seven days? | C21: |___| | D21: |___||___|.|___|___|
B22: k. Did you spend time caring for the sick or the elderly in the past seven days? (while not doing other chores) | C22: |___| | D22: |___||___|.|___|___|
B23: l. Did you spend time taking care of children in the past seven days? (while not doing other chores) | C23: |___| | D23: |___||___|.|___|___|

Sheet 5.1 Employment
A1: Chapter 5 Employment and Unemployment
A2: Section 5.1 Employment (Market Work) during the past seven days
C3: Ages 6+ based on Q206
A4: Q# | B4: Question | C4: Type of Question | F4: Validation & Skip Patterns
A5: 5101 | B5: Have you participated in any employment during the past seven days? (Even if he worked for only one hour) | C5: 1. Yes 2. No 3. Don't know | F5: =CONCATENATE("If 1 -->",A24) -> If 1 -->5107
A6: =A5+1 -> 5102 | B6: Were you attached to a job in the past 7 days but were temporarily absent from it? | C6: 1. Yes 2. No 3. Don't know | F6: =CONCATENATE("If 1 -->",A28) -> If 1 -->5110
A7: =A6+1 -> 5103 | B7: Did you participate in one of the following activities during the past seven days with the purpose of sales/marketing/earning wage/helping in a family business (even if for a short period or irregularly)? | C7: Activity | D7: 1. Yes | E7: 2. No | F7: =CONCATENATE("If any a. -m. = yes, -->",A24) -> If any a. -m. = yes, -->5107
C8: a. agricultural work (e.g., harvesting, cutting clover, irrigation)
C9: b. raising poultry/livestock
C10: c. producing ghee/cheese/butter
C11: d. preparing food/vegetables
C12: e. producing straw products/carpets/textile/ropes
C13: f. offering part-time services for others in a house/shop/hotel
C14: g. street seller
C15: h. construction worker
C16: i. collecting fuel/woodcutting
C17: j. sewing/embroidery/crochet
C18: k. sales & marketing
C19: l. trainee/apprentice
C20: m. working from home (IT programmers, etc.)
A21: =A7+1 -> 5104 | B21: Did you want to work during the past seven days? | C21: 1. Yes 2. No 3. Don't know | F21: =CONCATENATE("If 2 or 98 --> ",A23) -> If 2 or 98 --> 5106
A22: =A21+1 -> 5105 | B22: If there were a suitable job available, would you be able to start work within two weeks? | C22: 1. Yes 2. No 3. Don't know | F22: If 1 --> next section (Ages 15-64) or section 5.3 (Ages 6-14 and 65+)
A23: =A22+1 -> 5106 | B23: Why are you not wanting or not available to work? | C23: 1. housewife 2. full time student 3. has income/revenue 4. does not want to work 5. Temporarily unable to work (disability) 6. Permanently unable to work (disability) 7. Retired 97. Other (specify) 98. Don't know | F23: After answering --> section 5.3 Employment; if 97, provide textbox
A24: =A23+1 -> 5107 | B24: How many days have you actually worked, consecutively or not, during the past seven days? | C24: Dropdown menu, (1-7), don't know = 98
A25: =A24+1 -> 5108 | B25: What is your number of hours of work per work day and per week over the past week? Write 98 if do not know | C25: a. Total number of hours per day:|___|___| | F25: =CONCATENATE("Provide textbox for both lines that accepts only numbers. If b in ",A25, " >= 35 -->",A28," if b in ",A25, "=98 -->",A28) -> Provide textbox for both lines that accepts only numbers. If b in 5108 >= 35 -->5110 if b in 5108=98 -->5110
C26: b. Total number of hours per week: |___|___|
A27: =A25+1 -> 5109 | B27: What is the reason you worked less than 35 hours per week? | C27: 1. required by job conditions 2. no work available work for more hours 3- pay is not rewarding enough 4. don't want to work more time 5. temporary absence from work 97. other (specify) _______________ 98. Don't know | F27: If 97, provide textbox
A28: =A27+1 -> 5110 | B28: When did you start your current work? | C28: a. Month (dropdown menu from Jan-Dec, and 98 for don't know) | F28: =CONCATENATE("Calculate the period: if individual has been working for less than 3 months --> Q",A30," if individual has been working for 3 months or more -->section 6.1") -> Calculate the period: if individual has been working for less than 3 months --> Q5111 if individual has been working for 3 months or more -->section 6.1
C29: b. Year (dropdown menu from 1930-2016, and 9998 for don't know)
A30: =A28+1 -> 5111 | B30: Is your job during the past week the longest main job you had during the past three months? | C30: 1. Yes 2. No 3. Don't know | F30: After answering --> section 6.1

Sheet 5.2 Unemployment
A1: Section 5.2 Unemployment
A2: =CONCATENATE("Apply to those who answered yes to question ",'5.1 Employment'!A22, " and are between ages 15-64 based on Q206 in household questionnaire") -> Apply to those who answered yes to question 5105 and are between ages 15-64 based on Q206 in household questionnaire
A4: Question # | B4: Question | C4: Type of Question | G4: Validation & Skip Patterns
A5: 5201 | B5: Why have you NOT been working during the past seven days? | C5: Main Reason (dropdown menu with the following choices) 1. no work available at all 2. no work suitable to experience and qualifitication is available 3. no work with suitable pay is available 4. no work in a suitable organisation or firm is available 5. no work in suitable location is available 6. cannot afford housing or moving expenses to go where jobs are available 7. concerned about insecurity on way to work 97. Other (Specifiy) | G5: If 97, provide a textbox
A6: =A5+1 -> 5202 | B6: Is there a second reason you have not been looking for work in the past week? | C6: 1. Yes 2. No 98. Don't know | G6: =CONCATENATE("If 2 or 98 --> Q",A8) -> If 2 or 98 --> Q5204
A7: =A6+1 -> 5203 | B7: Select the second reason | C7: Secondary Reason (dropdown menu) 1. no work available at all 2. no work suitable to experience and qualifitication is available 3. no work with suitable pay is avaiable 4. no work in a suitable organisation or firm is available 5. no work in suitable location is available 6. cannot afford housing or moving expenses to go where jobs are available 7. concerned about insecurity on way to work 97. Other (Specifiy) 98. Don't know
A8: =A7+1 -> 5204 | B8: What is the minimum net monthly income you would need to accept a position in the government or public enterprise sector? | C8: Monthly income (in dinar): |___|___|___|___| *in the case of an individual demanding more than 10,000, write 9999 *if don’t know, 9998 *if not willing to work in this sector, write 9996 | G8: Provide a textbox that only accepts numerical values (max 4-digits)
A9: =A8+1 -> 5205 | B9: What is the minimum net monthly income you would need to accept a position in the formal private sector? | C9: Monthly income (in dinar): |___|___|___|___| *in the case of an individual demanding more than 10,000, write 9999 *if don’t know, 9998 *if not willing to work in this sector, write 9996 | G9: Provide a textbox that only accepts numerical values (max 4-digits)
A10: =A9+1 -> 5206 | B10: What is the minimum net monthly income you would need to accept a position in the informal sector? Note: the informal sector is jobs with neither social security nor a contract | C10: Monthly income (in dinar): |___|___|___|___| *in the case of an individual demanding more than 10,000, write 9999 *if don’t know, 9998 *if not willing to work in this sector, write 9996 | G10: Provide a textbox that only accepts numerical values (max 4-digits)
A11: =A10+1 -> 5207 | B11: Would you accept a job as a: | C11: 1. Human Resource Personnel 2. Public Sector Employee 3. Administrative Assistant 4. Data Entry 5. Bank Teller 6. Teacher 7. Customer Service 8. Indoor Sales 9. Telemarketing 10. Outdoor Sales 11. Waiter 12. Agricultural worker 13. Industrial worker | D11: Yes | E11: No | F11: DK( 98)
A12: =A11+1 -> 5208 | B12: When did you start your most recent unemployment spell? **this is the date that the individual finished an employment period (in any work) or when the individual began searching for work for the first time. | C12: a. Month: (dropdown menu from Jan-Dec; don't know=98) b. Year: (dropdown menu from 1930-2016; don't know=9998)
A13: =A12+1 -> 5209 | B13: Did you try any of these actions in the past four weeks to search for a job? | D13: Yes | E13: No | F13: DK (98) | G13: =CONCATENATE("if any of the answers from 1-12, 97 were yes, --> Q",A33," If 97, provide textbox") -> if any of the answers from 1-12, 97 were yes, --> Q5216 If 97, provide textbox
C14: 1. register in public employment offices/civil service bureau
C15: 2. register in private employment office
C16: 3. participate in competitive exam
C17: 4. send job application/CV to any agency
C18: 5. inquire at work location/asked to speak with the owner of the workplace
C19: 6. advertise employment inquiry in newspapers
C20: 7. search for an advertised job in newspapers or internet
C21: 8. apply for an advertised job in newspapers or internet
C22: 9. ask friends or relatives for help
C23: 10. wait at a location where workers gather daily
C24: 11. strive to start his/her own business
C25: 12. arrange financing to fund a private project
C26: 97. Others (Specify)
A27: =A13+1 -> 5210 | B27: What is the main reason you did not search for work in the past four weeks? | C27: Primary Reason (dropdown menu) 1. believe there are no jobs 2. tired of looking for jobs 3. employers prefer males to females in hiring and vise versa 4. do not know an effective way to look for a job 5. no suitable job 6. do not have the required experience 7. lack of personal connections (wasta) 8. because of studying 9. do not need work 10. health conditions do not allow 11. family responsibilities 12. opposition of a family member 97. Other (Specifiy) 98. Don't know | G27: If 97, provide a textbox
A28: =A27+1 -> 5211 | B28: Is there a second reason? | C28: 1. Yes 2. No | G28: =CONCATENATE("If 2-->", A30) -> If 2-->5213
A29: =A28+1 -> 5212 | B29: Select the second reason | C29: Secondary Reason (dropdown menu) 1. believe there are no jobs 2. tired of looking for jobs 3. employers prefer males to females in hiring 4. do not know an effective way to look for a job 5. no suitable job 6. do not have the required experience 7. lack of personal connections (wasta) 8. because of studying 9. do not need work 10. health conditions do not allow 11. family responsibilities 12. opposition of a family member 97. Other (Specify)
A30: =A29+1 -> 5213 | B30: Have you ever actively searched for a job in the current unemployment period? | C30: 1- Yes 2- No | G30: If 2 ---> next section
A31: =A30+1 -> 5214 | B31: When did you start looking for a job for the first time in the current unemployment period? | C31: a. Month: (dropdown menu from Jan-Dec; don't know=98) b. Year: (dropdown menu from 1930-2016; don't know=9998) | G31: =CONCATENATE("Validation: date needs to be the same or later than in Q",A12) -> Validation: date needs to be the same or later than in Q5208
A32: =A31+1 -> 5215 | B32: When did you search for a job for the last time? | C32: a. Month: (dropdown menu from Jan-Dec; don't know=98) b. Year: (dropdown menu from 1930-2016; don't know=9998) | G32: =CONCATENATE("Validation: date needs to be the same or later than in Q",A31," After answering --> next section") -> Validation: date needs to be the same or later than in Q5214 After answering --> next section
A33: =A32+1 -> 5216 | B33: Have you used a landline phone in job-hunting in the past four weeks? | C33: 1- Yes 2- No
A34: =A33+1 -> 5217 | B34: Have you used a cell phone in job-hunting in the past four weeks? | C34: 1- Yes, connected to the internet 2- Yes, but not connected to the internet 3- No
A35: =A34+1 -> 5218 | B35: Have you used a computer in job-hunting in the past four weeks? And if so was this computer connected to the internet? | C35: 1. Yes, with internet 2. Yes, without internet 3. No computer use
A36: =A35+1 -> 5219 | B36: When did you start looking for a job for the first time in the current unemployment period? | C36: a. Month: (dropdown menu from Jan-Dec; don't know=98) b. Year: (dropdown menu from 1930-2016; don't know=9998) | G36: =CONCATENATE("Validation: date needs to be the same or later than in Q",A12) -> Validation: date needs to be the same or later than in Q5208

Sheet 5.3 Subsistence & Domestic Work

Sheet 5.3 Employment
A1: =CONCATENATE("Section 5.3 Employment (Market Work) during the past three months Ages 6+ based on Q206 Those not working in past 7 days (i.e. do not have any yes responses in any of Q",'5.1 Employment'!A5," Q",'5.1 Employment'!A6," Q",'5.1 Employment'!A7, ")") -> Section 5.3 Employment (Market Work) during the past three months Ages 6+ based on Q206 Those not working in past 7 days (i.e. do not have any yes responses in any of Q5101 Q5102 Q5103)
A2: Question # | B2: Question | C2: Type of Question | F2: Validation & Skip Patterns
A3: 5301 | B3: Did you participate in any employment during the past three months? | C3: 1. Yes 2. No | F3: If 1 --> next section
A4: =A3+1 -> 5302 | B4: Did you participate in one of the following activities during the past three months with the purpose of sales/marketing/earning wage/helping in a family business (even if for a short period or irregularly)? | C4: Activity | D4: 1. Yes | E4: 2. No | F4: If yes to any, --> next section
C5: a. agricultural work (e.g., harvesting, cutting clover, irrigation)
C6: b. raising poultry/livestock
C7: c. producing ghee/cheese/butter
C8: d. preparing food/vegetables
C9: e. producing straw products/carpets/textile/ropes
C10: f. offering part-time services for others in a house/shop/hotel
C11: g. street seller
C12: h. construction worker
C13: i. collecting fuel/woodcutting
C14: j. sewing/embroidery/crochet
C15: k. sales & marketing
C16: l. trainee/apprentice
C17: m. working from home (IT programmers, etc.)
A18: =A4+1 -> 5303 | B18: Have you ever worked or participated in any of the previous activities or any other work ever before in your life? *only counts if more than 6 months | C18: 1. Yes 2. No | F18: If 1 & age 15+--> section 7. Job mobility If 1 & age<15--> section 12.1 information technology
A19: =A18+1 -> 5304 | B19: Have you ever in your life searched for work, registered with an employment office, or participated in a employment competition? | C19: 1. Yes 2. No | F19: If 2 & age 15+ --> section 8.1 cost of marriage If 2 & age<15--> section 12.1 information technology
A20: =A19+1 -> 5305 | B20: When did you start looking for work for the first time? | C20: Month: (dropdown menu from Jan-Dec) 98 if don't know Year: (dropdown 1930-2016) 9998 if don't know
A21: =A20+1 -> 5306 | B21: Are you still looking for work? | C21: 1. Yes 2. No | F21: If 1 & age 15+ --> section 8.1 cost of marriage If 1 & age<15--> section 12.1 information technology
A22: =A21+1 -> 5307 | B22: When did you complete your job search process the last time? | C22: Month: ___________________; 98 if don't know Year:____________________; 9998 if don't know | F22: After answering, If age 15+ --> section 8.1 cost of marriage If age<15--> section 12.1 information technology

Sheet 6.1 Job charc 
A1: Chapter 6 Job Characteristics
A2: Section 6.1 Primary Job in the Past Three Months
A3: =CONCATENATE("Apply to all individuals ages 6+ based on Q206 who worked during the past three months, i.e. yes in any of Q",'5.1 Employment'!A5," Q",'5.1 Employment'!A6," Q",'5.1 Employment'!A7," Q",'5.3 Employment'!A3," Q",'5.3 Employment'!A4,")") -> Apply to all individuals ages 6+ based on Q206 who worked during the past three months, i.e. yes in any of Q5101 Q5102 Q5103 Q5301 Q5302)
A4: Question # | B4: Question | C4: Type of Question | E4: Validation & Skip Patterns
A5: 6101 | B5: Do you work in a fixed place or establishment? | C5: 1. Yes 2. No 98. Don't know | E5: =CONCATENATE("If 2 or 98 --> Q",A7) -> If 2 or 98 --> Q6103
A6: =A5+1 -> 6102 | B6: What is the name of the establishment in which you work? | C6: Name of Establishment: ___________ | E6: (Textbox that accepts letters)
A7: =A6+1 -> 6103 | B7: What is the economic activity of the enterprise you work in or the job you do if not in an enterprise? | C7: Economic Activity Level 1: ________________ Economic Activity Level 4: __________________ *Don't know = 98 | E7: Level 1: dropdown menu with the generic economic activities. Level 4: dropdown menu with more specific information.
A8: =A7+1 -> 6104 | B8: What is your occupation in your main job during the past three months? | C8: Occupation : *Don't know = 98 | E8: =CONCATENATE("text box Skip pattern: If age<15-->Q",A11) -> text box Skip pattern: If age<15-->Q6107
A9: =A8+1 -> 6105 | B9: Does your job require supervising others? | C9: 1. Yes 2. No 98. Don't know | E9: =CONCATENATE("If 2 or 98--> Q",A11) -> If 2 or 98--> Q6107
A10: =A9+1 -> 6106 | B10: How many people do you directly supervise? | C10: Number of people: |___|___|___| "998" if "don't know", "999" if supervising more than 1000 | E10: Textbox accepting numerical values - 3-digit values
A11: =A10+1 -> 6107 | B11: Does your job require any techhnical skills? | C11: 1. Yes 2. No 98. Don't know | E11: =CONCATENATE("If 2 or 98 --> Q",A15) -> If 2 or 98 --> Q6111
A12: =A11+1 -> 6108 | B12: How did you acquire that skill? (mention main method) | C12: 1. regular schooling (except technical education) 2. Technical education 3. Vocational Training 4. through contractor 5. through craftsman 6. on-the-job in a public enterprise 7. on-the-job in a formal private enterprise 8. on-the-job in a family enterprise 97. Other (specify) 98. Don't know | E12: If 97, provide a textbox
A13: =A12+1 -> 6109 | B13: Is the individual engaged in a craft-related job? | C13: 1. Yes 2. No 98. Don't know | E13: =CONCATENATE("If 2 or 98 --> Q",A15) -> If 2 or 98 --> Q6111
A14: =A13+1 -> 6110 | B14: What is the level of your skill? | C14: 1. apprentice 2. assistant 3. craftsman 98. Don't know
A15: =A14+1 -> 6111 | B15: Did you participate in any training program other than regular education to be able to do this job? | C15: 1. Yes 2. No 98. Don't Know | E15: =CONCATENATE("If 2 or 98-> Q",A19) -> If 2 or 98-> Q6115
A16: =A15+1 -> 6112 | B16: What kind of training program did you participate in? (If more than one program, ask about the longest one) | C16: 1. Vocational Training Corporation 2. UNRWA 3. Private Technical Institute 4. Job-related program provided by employer 5. Public vocational training program 6. Private vocational training program 7. Language-course 8. Computer course 9. Secretarial course 97. Other (Specify) 98. Don't know | E16: If 97, provide a textbox
A17: =A16+1 -> 6113 | B17: How many weeks did this training require? | C17: Number of weeks: |___|___|___| Interviewer: If more than 100, write "999" If "don't know", write 998 If less than 1 week,write "01" | E17: Textbox accepting numbers - 3 digit numbers
A18: =A17+1 -> 6114 | B18: Who covered most of the cost of the training? | C18: 1. Individual him/herself 2. Individual's Family 3. Employer 4. Public Agency 5. Relief Agency 6. NGO 97. Other (specify) 98. Don't know | E18: If 97, provide a textbox
A19: =A18+1 -> 6115 | B19: What are the minimum education requirements for your job? | C19: 1. No formal schooling 2. Literacy Certificate 3. Primary 4. Preparatory 5. Secondary 6. Bachelor's Degree 7. Postgraduate Degree 98. Don't know
A20: =A19+1 -> 6116 | B20: Does your job require any of the following specific abilities? | C20: 1. Yes 2. No 98. DK
C21: 1. Basic Literacy
C22: 2. Mathematics or Statistics
C23: 3. Physical Fitness
C24: 4. Computer Skills
A25: =A20+1 -> 6117 | B25: Do you use a computer in your work? And if so is this computer connected to the internet? | C25: 1. Yes -connected to internet 2. Yes- not connected to internet 3. No 98. Don't know
A26: =A25+1 -> 6118 | B26: How stable is your job? | C26: 1. Regular 2. Irregular | E26: =CONCATENATE("If 2 --> Q",A28) -> If 2 --> Q6120
A27: =A26+1 -> 6119 | B27: Is your job permanent or temporary? | C27: 1. Permanent 2. Temporary (Short-term) | E27: =CONCATENATE("After answering --> Q",A29) -> After answering --> Q6121
A28: =A27+1 -> 6120 | B28: Is your job intermittent or seasonal? | C28: 1. Intermittent 2. Seasonal | E28: =CONCATENATE("After answering, --> Q",A32) -> After answering, --> Q6124
A29: =A28+1 -> 6121 | B29: For regular workers, how long have you spent on your longest main job during the past three months? ( in weeks) | C29: Weeks: |___|___| Interviewer: Write "13" weeks if he/she worked the entire period; write 98 if don't know | E29: Textbox accepting numerical values - 2 digits
A30: =A29+1 -> 6122 | B30: How many actual days per week did you work on average during the past three months? | C30: Number of days worked per week: |___|___| *if don't know, 98 | E30: Textbox accepting numerical values - 2 digits
A31: =A30+1 -> 6123 | B31: How many hours a day on average do you work? | C31: Hours worked per day: |___|___| *if don't know, 98 | E31: =CONCATENATE("After answering --> Q",A36) -> After answering --> Q6125
A32: =A31+1 -> 6124 | B32: For irregular workers, how long have you spent in your main job during the past three months? (whether continuous or discontinuous) *if don't know, 98
B33: Last month | C33: No. of weeks: ___ ___ Hours per week: ___ ___ | E33: Provide numerical textboxes
B34: month before last | C34: No. of weeks: ___ ___ Hours per week: ___ ___
B35: the month before | C35: No. of weeks: ___ ___ Hours per week: ___ ___
A36: =A32+1 -> 6125 | B36: Do you sometimes work at night (after 7 p.m)? | C36: 1. Yes 2. No
A37: =A36+1 -> 6126 | B37: Are some of your firms' products produced for exports? | C37: 1. Yes 2. No 98. don't know | E37: =CONCATENATE("If 2 or 98 --> Q",A39) -> If 2 or 98 --> Q6128
A38: =A37+1 -> 6127 | B38: What is the proportion of the product that is exported? | C38: 1. less than quarter 2. a quarter to under half 3. from half to under three quarters 4. More than three quarter but not all 5. All of it 98. don't know
A39: =A38+1 -> 6128 | B39: Is your work related to tourism (e.g., providing goods and services for tourists)? | C39: 1. Yes 2. No 98. don't know | E39: =CONCATENATE("If 2 or 98 --> Q",A41) -> If 2 or 98 --> Q6130
A40: =A39+1 -> 6129 | B40: What is the proportion of work aimed at tourists? | C40: 1. less than quarter 2. a quarter to under half 3. from half to under three quarters 4. More than three quarter but not all 5. All of it 98. don't know
A41: =A40+1 -> 6130 | B41: What is the number of employees in your firm including yourself? | C41: 1. 1 - 4 2. 5 - 9 3. 10 - 24 4. 25 - 49 5. 50 - 99 6. 100 or more 7. don't know, but very large 98. Don't know at all
A42: =A41+1 -> 6131 | B42: What is the percentage of female employees? | C42: 1. none 2. less than quarter 3. quarter to half 4. more than half 5. all female 98. don't know | E42: =CONCATENATE("If age<15 --->Q",A48) -> If age<15 --->Q6137
A43: =A42+1 -> 6132 | B43: Do you have social insurance connected to this job? | C43: 1. Yes 2. No 98. Don't know | E43: =CONCATENATE("If 2 --> Q",A46) -> If 2 --> Q6135
A44: =A43+1 -> 6133 | B44: Did you get social insurance as soon as you got this job? | C44: 1. Yes 2. No 98. Don't know | E44: =CONCATENATE("If 1 or 98 --> Q", A48) -> If 1 or 98 --> Q6137
A45: =A44+1 -> 6134 | B45: How many months after starting the job did you get social insurance? | C45: Number of months: |___|___|___| *If more than 100, write 999 *If don't know, write 998 | E45: =CONCATENATE("Textbox accepting numbers - max 3-digits After answering --> Q",A48) -> Textbox accepting numbers - max 3-digits After answering --> Q6137
A46: =A45+1 -> 6135 | B46: Have you ever had social insurance in this job? | C46: 1. Yes 2. No 98. Don't know
A47: =A46+1 -> 6136 | B47: Do other workers in your firm have social insurance? | C47: 1. Yes 2. No 98. Don't Know
A48: =A47+1 -> 6137 | B48: What is your employment status? | C48: 1. Wage worker 2. Employer 3. Self-Employed not employing others 4. Unpaid Family Worker 5. Unpaid Worker for others | E48: =CONCATENATE("If 2-5, --> Q",A77) -> If 2-5, --> Q6164
A49: =A48+1 -> 6138 | B49: How did you find this job? (State the Primary Method) | C49: 1. register in public employment offices/civil service bureau 2. register in private employment office 3. participate in competitive exam 4. send job application/CV to any agency 5. inquire at work location/asked to speak with the owner of the workplace 6. advertise employment inquiry in newspapers 7. search for an advertised job in newspapers or internet 8. apply for an advertised job in newspapers or internet 9. ask friends or relatives for help 10. wait at a location where workers gather daily 11. strive to start his/her own business 12. arrange financing to fund a private project 97. Others (Specify) | E49: If 97, provide a textbox
A50: =A49+1 -> 6139 | B50: What is your relationship to your employer prior to taking this job? | C50: 1. member of household 2. relative outside household 3. neighbours/friends 4. from same area 5. acquaintance 6. no relationship 97. Other (specify) | E50: If 97, provide a textbox
A51: =A50+1 -> 6140 | B51: What is your sector of employment? | C51: 1. government 2. public enterprise 3. International organizations 4. Private sector 5. Foreign 6. Non-profit/NGO 97. other (specify) | E51: =CONCATENATE("If 1,2,3,6, or 97,--> Q",A56, "; if 97, provide textbox, if age<15-->Q",A77) -> If 1,2,3,6, or 97,--> Q6145; if 97, provide textbox, if age<15-->Q6164
A52: =A51+1 -> 6141 | B52: What is the Legal Status of the firm you work in? | C52: 1. individual project 2. Company of individuals 3. Company with a limited responsibility 4. limited liability Company 5. Branch of a foreign company 97- Other (specify: _________) 98. don't know | E52: =CONCATENATE("If 2-5, 97 or 98, --> Q",A56) -> If 2-5, 97 or 98, --> Q6145
A53: =A52+1 -> 6142 | B53: Does your employer have a license? | C53: 1.Yes 2. No 98. don't know
A54: =A53+1 -> 6143 | B54: Does your employer have a commercial or industrial registration? | C54: 1.Yes 2. No 98. don't know
A55: =A54+1 -> 6144 | B55: Does your employer keep regular accounting books? | C55: 1.Yes 2. No 98. don't know
A56: =A55+1 -> 6145 | B56: Do you have a legal work contract or formal appointment? | C56: 1.Yes 2. No 98. Do not know | E56: =CONCATENATE("If 2or 98--> Q",A65) -> If 2or 98--> Q6152
A57: =A56+1 -> 6146 | B57: What kind of contract is it? | C57: 1. indefinite duration 2. Definite Duration 98. don’t know | E57: =CONCATENATE("If 1 --> Q",A61) -> If 1 --> Q6150
A58: =A57+1 -> 6147 | B58: What is the duration of this contract | C58: 1. 3 months 2. 6 months 3. 1 year 4. 2 years 5. 5 years 6. Duration of the project 97. other (specify) 98. don't know | E58: If 97, provide a textbox
A59: =A58+1 -> 6148 | B59: Was the contract ever renewed? | C59: 1.Yes 2. No 98. don't know | E59: =CONCATENATE("If 2 or 98 --> Q",A61) -> If 2 or 98 --> Q6150
A60: =A59+1 -> 6149 | B60: How many times was the contract renewed? | C60: 1. Once 2. Twice 3. Three times or more 98. Don't know | E60: Numerical textbox
A61: =A60+1 -> 6150 | B61: Did you acquire this contract immediately upon your hire at this job? | C61: "1.Yes 2. No 98. don't know" | E61: =CONCATENATE("If 1 --> Q",A67) -> If 1 --> Q6154
A62: =A61+1 -> 6151 | B62: How many months after getting this job did you get the contract? | C62: number of months: |___|___| | E62: =CONCATENATE("provide a numerical textbox. 2 digits max. after answering, --> Q",A67) -> provide a numerical textbox. 2 digits max. after answering, --> Q6154
C63: If more than 100, write 99; If don't know, write 98
A65: =A62+1 -> 6152 | B65: Have you ever had a contract in this job and lost it? | C65: 1.Yes 2. No 98. Do not know
A66: =A65+1 -> 6153 | B66: Do any other workers in your firm have work contracts? | C66: 1.Yes 2. No 98. don't know
A67: =A66+1 -> 6154 | B67: Do you get paid vacations? | C67: 1.Yes 2. No 98. don't know | E67: =CONCATENATE("If 1 --> Q", A69) -> If 1 --> Q6156
A68: =A67+1 -> 6155 | B68: Do any other workers in your firm get paid vacations? | C68: 1.Yes 2. No 98. don't know
A69: =A68+1 -> 6156 | B69: In case of sickness, do you have the right to paid sick leave ? | C69: 1.Yes 2. No 98. don't know | E69: =CONCATENATE("If 1 --> Q", A71) -> If 1 --> Q6158
A70: =A69+1 -> 6157 | B70: Do any other workers in your firm get paid sick leaves? | C70: "1.Yes 2. No 98. don't know"
A71: =A70+1 -> 6158 | B71: Do you have medial insurance through your work? | C71: 1.Yes 2. No 98. don't know | E71: =CONCATENATE("If 2 or 98 --> Q",A74) -> If 2 or 98 --> Q6161
A72: =A71+1 -> 6159 | B72: Did you get this benefit at the time you obtained your job? | C72: 1.Yes 2. No 98. don't know | E72: =CONCATENATE("If 1 --> Q",A75) -> If 1 --> Q6162
A73: =A72+1 -> 6160 | B73: After how many months from starting the job have you acquired this medical insurance? | C73: number of months: |___|___| *if don't know, 98 | E73: =CONCATENATE("numerical textbox, 2-digits. After answering --> Q",A75) -> numerical textbox, 2-digits. After answering --> Q6162
A74: =A73+1 -> 6161 | B74: Do other workers in your firm have medical insurance? | C74: 1.Yes 2. No 98. don't know
A75: =A74+1 -> 6162 | B75: Are you a member of a trade union or league (Rabita)? | C75: 1. Yes 2. No 98. don't know | E75: =CONCATENATE("If 1 --> Q",A77) -> If 1 --> Q6164
A76: =A75+1 -> 6163 | B76: Are any other workers in your firm members of trade unions or leagues? | C76: 1. Yes 2. No 98. don't know
A77: =A76+1 -> 6164 | B77: Have you ever had a work place injury or health problem in the past 12 months? | C77: 1. Yes 2. No 98. don't know | E77: =CONCATENATE("If 2 or 98 and age 15+--> Q",A83, " If 2 or 98 and age <15-->Q",A80) -> If 2 or 98 and age 15+--> Q6170 If 2 or 98 and age <15-->Q6167
A78: =A77+1 -> 6165 | B78: What kind of injury? Interviewer: write three injuries from the most serious to the least serious. | C78: 3 dropdown menus with all 13 options a. First Injury b. Second Injury c. Third Injury 1. Food Poisoning 2. Fainting 3. Superficial injuries or open injuries 4. Fractures 5. Torsion or dislocation 6. Burns, erosions or itches 7. Breathing problems 8. Eye problems 9. Skin problems (dermatological problems) 10. Fever 11. Fatigue 97. Other (specify) 98. Don't know 99. not applicable (second and third injury only) | E78: once the person selects an option, it should not appear as an option in the following menu If 97, provide a textbox
A79: =A78+1 -> 6166 | B79: How did your injury or illness affect your work? | C79: Multiple Choice: 1. It did not influence / did not stop working 2. Stopped going to work some of the time 3. Stopped attending work completely 98. Don't know | E79: =CONCATENATE("If age 15+, Skip to Q",A83) -> If age 15+, Skip to Q6170
A80: =A79+1 -> 6167 | B80: Do you carry heavy stuff at your work? | C80: 1. Yes 2. No 98. Don't Know
A81: =A80+1 -> 6168 | B81: Do you operate any heavy machines at your work? | C81: 1. Yes 2. No 98. Don't Know
A82: =A81+1 -> 6169 | B82: Are you exposed to any of these? | C82: 1. Yes 2. No 98. DK 1. Dust and Fumes 2. Fire or Fuel 3. Loud noise and vibrations. 4. Extrem High Heat/ Extrem Low Heat 5. High Risk Equipments 6. Work underground. 7. Working in Sea / River 8. Working at a dark place 9. Insufficient ventilation / smelly place 10. Chemicals / pesticides 11. Explosives (firecrackers) 12. the bow for a long time 13. No Toilets 97. Other things against the security and safety measures (specify):
A83: =A82+1 -> 6170 | B83: Describe your place of work | C83: 1. own home 2. shop/restaurant 3. office or apartment in a building 4. room in a house 5. another home 6. workshop /factory 7. kiosk 8. entire building 9. mobile work place 10. truck 11. taxi 12. field/farm 97. Other (specify) 98. Don't know | E83: =CONCATENATE("If 1 --> ",A87,"; if 97, provide a textbox") -> If 1 --> 6174; if 97, provide a textbox
A84: =A83+1 -> 6171 | B84: Describe the location of your work *Interviewer: Select "mobile" in the dropdown menus if the individual's work was mobile from across jurisdictions | C84: a. Governorate b. District c. Sub-distirc d. Locality | E84: Dropdown list of governates in Jordan +"mobile" & Dropdown list of districts in Jordan+ "Mobile"; include "mobile" if work moves from place to place
A85: =A84+1 -> 6172 | B85: What is the mode of transportation you use to go to work? | C85: 1. walk 2. public transportation 3. microbus (private transportation?) 4. taxi 5. Rural transport 6. bike / motorcycle 7. private car 8. work bus 9. different modes excluding work bus 97. Other (specify) 98. Don't know 99. Not applicable | E85: If 97, provide a textbox
A86: =A85+1 -> 6173 | B86: On average, how long does a one way trip to work take? | C86: Minutes: |___|___|___| *If don't know, write 998 | E86: Provide a numerical textbox
A87: =A86+1 -> 6174 | B87: Tell me, please, how satisfied are you with your current job? | C87: 1. Fully Dissatisfied 2. Rather dissatisfied 3. Neither satisfied, nor dissatisfied 4. Rather Satisfied 5. Fully Satisfied
A88: =A87+1 -> 6175 | B88: How satisfied are you with your current job in terms of each of the following? *Ask each question separately 1. Job security 2. Earnings (wages) 3. The type of work you do 4. Number of working hours 5. Work schedule 6. Working conditions/environment 7. Distance to job/commuting 8. The match between your qualifications and the position you're in | C88: Dropdown menu for each 1. Fully Dissatisfied 2. Rather dissatisfied 3. Neither satisfied, nor dissatisfied 4. Rather Satisfied 5. Fully Satisfied" | E88: If age<15, after answering --> Section 10.1 earnings
A89: =A88+1 -> 6176 | B89: If you have the chance to choose between working at the public sector and the private one under the same conditions, which one would you choose? | C89: 1- Public sector 2- private sector 3- No difference 98. Don't know

Sheet 6.2 Secondary Job
A1: Section 6.2 Secondary Job in the past three months
A2: Apply to all individuals who worked during the past three months 15+
A3: =CONCATENATE("i.e. yes in any of Q",'5.1 Employment'!A5," Q",'5.1 Employment'!A6," Q",'5.1 Employment'!A7," Q",'5.3 Employment'!A3," Q",'5.3 Employment'!A4,"and 15+ per Q206 of household questionnaire") -> i.e. yes in any of Q5101 Q5102 Q5103 Q5301 Q5302and 15+ per Q206 of household questionnaire
A4: Question # | B4: Question | C4: Type of Question | E4: Validation & Skip Patterns
A5: 6201 | B5: Did you have any secondary job in addition to your main job during the past three months (even if part-time, irregular, seasonal or during holidays)? | C5: 1. Yes 2. No | E5: =CONCATENATE("If 1 --> Q",A20) -> If 1 --> Q6203
A6: =A5+1 -> 6202 | B6: Did you participate in any of the following activities- in addition to your primary job-with the purpose of sales/marketing/earning wage/helping in a family business, during the past three months? *(Interviewer should take into consideration the socioeconomic status of the HH as well as the differences between urban and rural areas) | C6: Activity | D6: 1. Yes 2. No | E6: If the answer to all options is "no" ---> next section (7.0)
C7: a. agricultural work (e.g., harvesting, cutting clover, irrigation)
C8: b. raising poultry/livestock
C9: c. producing ghee/cheese/butter
C10: d. preparing food/vegetables
C11: e. producing straw products/carpets/textile/ropes
C12: f. offering part-time services for others in a house/shop/hotel
C13: g. street seller
C14: h. construction worker
C15: i. collecting fuel/woodcutting
C16: j. sewing/embroidery/crochet
C17: k. sales & marketing
C18: l. trainee/apprentice
C19: m. working from home (IT programmers, etc.)
A20: =A6+1 -> 6203 | B20: What is your occupation in your secondary job? | C20: Occupation textbox: | E20: if don't know,998
A21: =A20+1 -> 6204 | B21: What is the primary economic activity of your secondary job? | C21: Type of Activity (level 1): Type of Activity (level4): | E21: Hierarchical dropdown menu with list of economic activity if don't know,998
A22: =A21+1 -> 6205 | B22: What is your employment status in your secondary job during the past three months? | C22: 1. Wage worker 2. Employer 3. Self-Employed 4. Unpaid Family Worker 5. Unpaid Worker for others
A23: =A22+1 -> 6206 | B23: How long have you spent in your secondary job during the past three months? (whether continuous or discontinuous) *if don't know, 98 | C23: Last month | D23: No. of weeks |___|___| Hours per week |___|___| | E23: Provide numerical textboxes
C24: month before last | D24: No. of weeks |___|___| Hours per week |___|___|
C25: two months before last | D25: No. of weeks |___|___| Hours per week |___|___|

Sheet 7.0 Job Mobility
A1: Chapter 7 Job Mobility
A2: Apply to those who have ever worked who are 15+ | Q2: 705 | R2: During the month before the onset of the revolution on Janury 14, 2011, was your main job or employment status different from your main job or employment status during the past three months?
A3: =CONCATENATE("i.e. yes in any of Q",'5.1 Employment'!A5," Q",'5.1 Employment'!A6," Q",'5.1 Employment'!A7," Q",'5.3 Employment'!A3," Q",'5.3 Employment'!A4, " Q",'5.3 Employment'!A18," and 15+ per Q206 of household questionnaire") -> i.e. yes in any of Q5101 Q5102 Q5103 Q5301 Q5302 Q5303 and 15+ per Q206 of household questionnaire
A4: Interviewer: For regular employment, a change that is from one place to another within the same employer, is not considered as a new status. For irregular employment, changing the employer is not considered a new status
R5: 1. Yes | T5: 2- No ---> 801 | V5: Validation
A6: Question # | B6: Question | C6: Type of Question | D6: Validation & Skip Patterns
A7: 7000 | B7: When you worked for the first time for longer than six months, were you in school? (If currently working for the first time and worked for <6 months ask about current position) | C7: 1. Yes 2. No 98. Don't know | D7: =CONCATENATE("If 1--> ",A14) -> If 1--> 7101_1
A8: 7001 | B8: When did you leave school for the first time (for a period longer than 6 months)? | C8: Month: (dropdown menu from Jan-Dec; don't know=98, not applicable=99) Year: (dropdown menu from 1930-2016; don't know=9998, not applicable=9999) | D8: =CONCATENATE("Only not applicable if Q=",'3.0 Education'!A4,"=1 --> automatically calculate year when individual was 6 years old") -> Only not applicable if Q=3001=1 --> automatically calculate year when individual was 6 years old
A9: =A8+1 -> 7002 | B9: =CONCATENATE("Did you spend longer than 6 months without work immediately after [answer to ",A8,"]?") -> Did you spend longer than 6 months without work immediately after [answer to 7001]? | C9: 1. Yes 2. No 98. Don't know | D9: =CONCATENATE("If 2, 98--> ",A14) -> If 2, 98--> 7101_1
A10: =A9+1 -> 7003 | B10: Were you wanting and able to work during this time? | C10: 1. Yes 2. No 98. Don't know | D10: =CONCATENATE("If 2, 98 -->", A12) -> If 2, 98 -->7005
A11: =A10+1 -> 7004 | B11: Were you searching for work during this period? | C11: 1. Yes 2. No 98. Don't know | D11: =CONCATENATE("After answering --> Q",A14) -> After answering --> Q7101_1
A12: =A11+1 -> 7005 | B12: Why were you not wanting/ready to work after you finished/left your studies? | C12: 1. Had income 2. Too young 3. Retired 4. Disabled 97. Other 98. Don't know | D12: If 97, provide textbox
A13: 7101 | B13: First Job (after leaving school for the first time, for more than six months) (If currently working for the first time and worked for <6 months ask about current position)
A14: =CONCATENATE(A$13,"_",E14) -> 7101_1 | B14: What was the date of the start of the first job | C14: a. Month: (dropdown menu from Jan-Dec; don't know=98) b. Year: (dropdown menu from 1930-2016; don't know=9998) | D14: =CONCATENATE("Check year with Q",'2.1 Personal Biography'!A48," #1 in the table, from column. Error message if dates are not identical") -> Check year with Q2137 #1 in the table, from column. Error message if dates are not identical | E14: 1
A15: =CONCATENATE(A$13,"_",E15) -> 7101_2 | B15: What was your employment status in your first job? | C15: 1. Wage earner 2. Employer 3. Self-Employed not employing others 4. Unpaid Family Worker 5. Unpaid Worker for others 98. Don't know | E15: =E14+1 -> 2
A16: =CONCATENATE(A$13,"_",E16) -> 7101_3 | B16: What was your occupation in your first job? | C16: Occupation textbox | D16: 998 for "don't know" | E16: =E15+1 -> 3
A17: =CONCATENATE(A$13,"_",E17) -> 7101_4 | B17: What was the economic activity of your first job? | C17: Economic Activity (level 1): Economic Activity (level4): | D17: Hierarchical dropdown menu; 998 for "don't know" | E17: =E16+1 -> 4
A18: =CONCATENATE(A$13,"_",E18) -> 7101_5 | B18: Was your first job located inside or outside an establishment? | C18: 1. Inside establishment 2. Outside establishment 98. Don't know | E18: =E17+1 -> 5
A19: =CONCATENATE(A$13,"_",E19) -> 7101_6 | B19: What was the economic sector of your first job? | C19: 1. government 2. public enterprise 3. International organizations 4. Private sector 5. Foreign 6. Non-profit/NGO 97. other (specify) 98. don't know | E19: =E18+1 -> 6
A20: =CONCATENATE(A$13,"_",E20) -> 7101_7 | B20: What was the size of the economic unit in your first job? | C20: 1. 1 - 4 2. 5 - 9 3. 10 - 24 4. 25 - 49 5. 50 - 99 6. more than 100 7. don't know, but very large 98. Don't know at all | E20: =E19+1 -> 7
A21: =CONCATENATE(A$13,"_",E21) -> 7101_8 | B21: What was the degree of stability in your first job? | C21: 1. Permanent 2. Temporary 3. Seasonal 4. Intermittent 98. Don't know | E21: =E20+1 -> 8
A22: =CONCATENATE(A$13,"_",E22) -> 7101_9 | B22: What type of work contract did you have in your first job? | C22: 1. Permanent Contract 2. Temporary contract 3. No contract 98. Don't know | D22: =CONCATENATE("If 3, 98 --> Q",A25) -> If 3, 98 --> Q7101_12 | E22: =E21+1 -> 9
A23: =CONCATENATE(A$13,"_",E23) -> 7101_10 | B23: Did you acquire this contract at the time you obtained your job? | C23: 1. Yes 2. No 98. Don't know | D23: =CONCATENATE("If 1 --> Q",A26) -> If 1 --> Q7101_13 | E23: =E22+1 -> 10
A24: =CONCATENATE(A$13,"_",E24) -> 7101_11 | B24: When did you acquire this contract? | C24: a. Month: (dropdown menu from Jan-Dec; don't know=98) b. Year: (dropdown menu from 1930-2016; don't know=9998) | D24: =CONCATENATE("After answering --> Q",A26) -> After answering --> Q7101_13 | E24: =E23+1 -> 11
A25: =CONCATENATE(A$13,"_",E25) -> 7101_12 | B25: Did any other workers within your firm have a contract? | C25: 1. Yes 2. No 98. Don't know 99. Not applicable | E25: =E24+1 -> 12
A26: =CONCATENATE(A$13,"_",E26) -> 7101_13 | B26: Did you have social security in your first job? | C26: 1. Yes 2. No 98. Don't know | D26: =CONCATENATE("If 2 or 98 --> Q",A29) -> If 2 or 98 --> Q7101_16 | E26: =E25+1 -> 13
A27: =CONCATENATE(A$13,"_",E27) -> 7101_14 | B27: Did you acquire social security at the time you obtained your job? | C27: "1. Yes 2. No 98. Don't know" | D27: =CONCATENATE("If 1 --> Q",A30) -> If 1 --> Q7101_17 | E27: =E26+1 -> 14
A28: =CONCATENATE(A$13,"_",E28) -> 7101_15 | B28: When did you acquire this social security? | C28: a. Month: (dropdown menu from Jan-Dec; don't know=98) b. Year: (dropdown menu from 1930-2016; don't know=9998) | D28: =CONCATENATE("After answering --> Q",A30) -> After answering --> Q7101_17 | E28: =E27+1 -> 15
A29: =CONCATENATE(A$13,"_",E29) -> 7101_16 | B29: Did any other workers within your firm have social security? | C29: 1. Yes 2. No 98. Don't know | E29: =E28+1 -> 16
A30: =CONCATENATE(A$13,"_",E30) -> 7101_17 | B30: Was your work inside Jordan? | C30: 1. Yes, in Jordan. 2. No, outside Jordan | D30: =CONCATENATE("If 2 --> Q",A32) -> If 2 --> Q7101_19 | E30: =E29+1 -> 17
A31: =CONCATENATE(A$13,"_",E31) -> 7101_18 | B31: Write the name of the governate and district of your work: | C31: Dropdown menu with all the governates in Jordan; include "mobile" and 98 for don't know "Dropdown menu with all the districts in Jordan include ""mobile"" and 98 for don't know" | D31: =CONCATENATE("Provide hierarchical dropdown menus. After answering --> Q",A33) -> Provide hierarchical dropdown menus. After answering --> Q7101_20 | E31: =E30+1 -> 18
A32: =CONCATENATE(A$13,"_",E32) -> 7101_19 | B32: In which country was your work? | C32: Dropdown menu with countries of the world | E32: =E31+1 -> 19
A33: =CONCATENATE(A$13,"_",E33) -> 7101_20 | B33: Have you left this job? | C33: 1. Yes 2. No | D33: =CONCATENATE("If 2, check Q",'2.1 Personal Biography'!A6," If Q",'2.1 Personal Biography'!A6,"= 1--> section 8.1 If Q",'2.1 Personal Biography'!A6,"= 2 & Female --> Q",'8.3 Women Status'!A8," If Q",'2.1 Personal Biography'!A6,"= 2 & Male--> section 10.1") -> If 2, check Q2103 If Q2103= 1--> section 8.1 If Q2103= 2 & Female --> Q8303 If Q2103= 2 & Male--> section 10.1 | E33: =E32+1 -> 20
A34: =CONCATENATE(A$13,"_",E34) -> 7101_21 | B34: What is the date you left this job? | C34: a. Month: (dropdown menu from Jan-Dec; don't know=98) b. Year: (dropdown menu from 1930-2016; don't know=9998) | D34: =CONCATENATE("Check year with Q",'2.1 Personal Biography'!A48," #1 in the table, to column. Error message if dates are not identical") -> Check year with Q2137 #1 in the table, to column. Error message if dates are not identical | E34: =E33+1 -> 21
A35: =CONCATENATE(A$13,"_",E35) -> 7101_22 | B35: What was the reason you changed from this work to your next job? | C35: 1. terminated by the employer 2. Contract ended and not renewed by the employer 3. Quit voluntarily/resigned 4. Suspension of the project or shutdown 97. Other (Specify) | E35: =E34+1 -> 22
A36: =CONCATENATE(A$13,"_",E36) -> 7101_23 | B36: Did you have a period of unemployment longer than 6 months after you left this job/this job ended? | C36: 1. Yes 2. No 98. Don't know | D36: =CONCATENATE("If 2, 98--> ",A40) -> If 2, 98--> 7101_27 | E36: =E35+1 -> 23
A37: =CONCATENATE(A$13,"_",E37) -> 7101_24 | B37: Were you wanting and ready to work during this period? | C37: 1. Yes 2. No 98. Don't know | D37: =CONCATENATE("If 2, 98 -->", A39) -> If 2, 98 -->7101_26 | E37: =E36+1 -> 24
A38: =CONCATENATE(A$13,"_",E38) -> 7101_25 | B38: Were you searching for work during this period? | C38: 1. Yes 2. No 98. Don't know | D38: =CONCATENATE("After answering --> Q",A40) -> After answering --> Q7101_27 | E38: =E37+1 -> 25
A39: =CONCATENATE(A$13,"_",E39) -> 7101_26 | B39: Why were you not interested in working or ready to work during this period? | C39: 1. Had income 2. Full-time student 3. Retired under 65 4. Disabled 5. Vacation (without salary) 6. Older than 65 years of age 97. Other 98. Don't know | D39: If 97, provide textbox | E39: =E38+1 -> 26
A40: =CONCATENATE(A$13,"_",E40) -> 7101_27 | B40: Did you work a second job? | C40: 1. Yes 2. No | D40: =CONCATENATE("If 2, check Q",'2.1 Personal Biography'!A6," If Q",'2.1 Personal Biography'!A6,"= 1--> section 8.1 If Q",'2.1 Personal Biography'!A6,"= 2 & Female --> Q",'8.3 Women Status'!A8," If Q",'2.1 Personal Biography'!A6,"= 2 & Male--> section 10.1") -> If 2, check Q2103 If Q2103= 1--> section 8.1 If Q2103= 2 & Female --> Q8303 If Q2103= 2 & Male--> section 10.1 | E40: =E39+1 -> 27
A41: 710[n] | B41: Nth job [N denotes 2nd, 3rd, etc. job repeating until answer to "did you work another job" is no]
A42: =CONCATENATE(A$41,"_",E42) -> 710[n]_1 | B42: What was the date of the start of the [n] job | C42: a. Month: (dropdown menu from Jan-Dec; don't know=98) b. Year: (dropdown menu from 1930-2016; don't know=9998) | D42: =CONCATENATE("Check year with Q",'2.1 Personal Biography'!A48," #[n] in the table, from column. Error message if dates are not identical. Error message if date in Q ",A42, " is less than 6 months after date in Q",A14," for second job; similarly for subsequent jobs start dates must be at least six months apart") -> Check year with Q2137 #[n] in the table, from column. Error message if dates are not identical. Error message if date in Q 710[n]_1 is less than 6 months after date in Q7101_1 for second job; similarly for subsequent jobs start dates must be at least six months apart | E42: 1
A43: =CONCATENATE(A$41,"_",E43) -> 710[n]_2 | B43: What was your employment status in your [n] job? | C43: 1. Wage earner 2. Employer 3. Self-Employed not employing others 4. Unpaid Family Worker 5. Unpaid Worker for others 98. Don't know | E43: =E42+1 -> 2
A44: =CONCATENATE(A$41,"_",E44) -> 710[n]_3 | B44: What was your occupation in your [n] job? | C44: Occupation textbox | D44: 998 for "don't know" | E44: =E43+1 -> 3
A45: =CONCATENATE(A$41,"_",E45) -> 710[n]_4 | B45: What was the economic activity of your [n] job? | C45: Economic Activity (level 1): Economic Activity (level 4): | D45: Hierarchical dropdown menu; 998 for "don't know" | E45: =E44+1 -> 4
A46: =CONCATENATE(A$41,"_",E46) -> 710[n]_5 | B46: Was your [n] job located inside or outside an establishment? | C46: 1. Inside establishment 2. Outside establishment 98. Don't know | E46: =E45+1 -> 5
A47: =CONCATENATE(A$41,"_",E47) -> 710[n]_6 | B47: What was the economic sector of your [n] job? | C47: 1. government 2. public enterprise 3. International organizations 4. Private sector 5. Foreign 6. Non-profit/NGO 97. other (specify) 98. don't know | E47: =E46+1 -> 6
A48: =CONCATENATE(A$41,"_",E48) -> 710[n]_7 | B48: What was the size of the economic unit in your [n] job? | C48: 1. 1 - 4 2. 5 - 9 3. 10 - 24 4. 25 - 49 5. 50 - 99 6. more than 100 7. don't know, but very large 98. Don't know at all | E48: =E47+1 -> 7
A49: =CONCATENATE(A$41,"_",E49) -> 710[n]_8 | B49: What was the degree of stability in your [n] job? | C49: 1. Permanent 2. Temporary 3. Seasonal 4. Intermittent 98. Don't know | E49: =E48+1 -> 8
A50: =CONCATENATE(A$41,"_",E50) -> 710[n]_9 | B50: What type of work contract did you have in your [n] job? | C50: 1. Permanent Contract 2. Temporary contract 3. No contract 98. Don't know | D50: =CONCATENATE("If 3, 98 --> Q",A53) -> If 3, 98 --> Q710[n]_12 | E50: =E49+1 -> 9
A51: =CONCATENATE(A$41,"_",E51) -> 710[n]_10 | B51: Did you acquire this contract at the time you obtained your job? | C51: 1. Yes 2. No 98. Don't know | D51: =CONCATENATE("If 1 --> Q",A54) -> If 1 --> Q710[n]_13 | E51: =E50+1 -> 10
A52: =CONCATENATE(A$41,"_",E52) -> 710[n]_11 | B52: When did you acquire this contract? | C52: a. Month: (dropdown menu from Jan-Dec; don't know=98) b. Year: (dropdown menu from 1930-2016; don't know=9998) | D52: =CONCATENATE("After answering --> Q",A54) -> After answering --> Q710[n]_13 | E52: =E51+1 -> 11
A53: =CONCATENATE(A$41,"_",E53) -> 710[n]_12 | B53: Did any other workers within your firm have a contract? | C53: 1. Yes 2. No 98. Don't know 99. Not applicable | E53: =E52+1 -> 12
A54: =CONCATENATE(A$41,"_",E54) -> 710[n]_13 | B54: Did you have social security in your [n] job? | C54: 1. Yes 2. No 98. Don't know | D54: =CONCATENATE("If 2 or 98 --> Q",A57) -> If 2 or 98 --> Q710[n]_16 | E54: =E53+1 -> 13
A55: =CONCATENATE(A$41,"_",E55) -> 710[n]_14 | B55: Did you acquire social security at the time you obtained your job? | C55: "1. Yes 2. No 98. Don't know" | D55: =CONCATENATE("If 1 --> Q",A58) -> If 1 --> Q710[n]_17 | E55: =E54+1 -> 14
A56: =CONCATENATE(A$41,"_",E56) -> 710[n]_15 | B56: When did you acquire this social security? | C56: a. Month: (dropdown menu from Jan-Dec; don't know=98) b. Year: (dropdown menu from 1930-2016; don't know=9998) | D56: =CONCATENATE("After answering --> Q",A58) -> After answering --> Q710[n]_17 | E56: =E55+1 -> 15
A57: =CONCATENATE(A$41,"_",E57) -> 710[n]_16 | B57: Did any other workers within your firm have social security? | C57: 1. Yes 2. No 98. Don't know | E57: =E56+1 -> 16
A58: =CONCATENATE(A$41,"_",E58) -> 710[n]_17 | B58: Was your work inside Jordan? | C58: 1. Yes, in Jordan. 2. No, outside Jordan | D58: =CONCATENATE("If 2 --> Q",A60) -> If 2 --> Q710[n]_19 | E58: =E57+1 -> 17
A59: =CONCATENATE(A$41,"_",E59) -> 710[n]_18 | B59: Write the name of the governate and district of your work: | C59: Dropdown menu with all the governates in Jordan; include "mobile" and 98 for don't know "Dropdown menu with all the districts in Jordan include ""mobile"" and 98 for don't know" | D59: =CONCATENATE("Provide hierarchical dropdown menus. After answering --> Q",A61) -> Provide hierarchical dropdown menus. After answering --> Q710[n]_20 | E59: =E58+1 -> 18
A60: =CONCATENATE(A$41,"_",E60) -> 710[n]_19 | B60: In which country was your work? | C60: Dropdown menu with countries of the world | E60: =E59+1 -> 19
A61: =CONCATENATE(A$41,"_",E61) -> 710[n]_20 | B61: Have you left this job? | C61: 1. Yes 2. No | D61: =CONCATENATE("If 2, check Q",'2.1 Personal Biography'!A6," If Q",'2.1 Personal Biography'!A6,"= 1--> section 8.1 If Q",'2.1 Personal Biography'!A6,"= 2 & Female --> Q",'8.3 Women Status'!A8," If Q",'2.1 Personal Biography'!A6,"= 2 & Male--> section 10.1") -> If 2, check Q2103 If Q2103= 1--> section 8.1 If Q2103= 2 & Female --> Q8303 If Q2103= 2 & Male--> section 10.1 | E61: =E60+1 -> 20
A62: =CONCATENATE(A$41,"_",E62) -> 710[n]_21 | B62: What is the date you left this job? | C62: a. Month: (dropdown menu from Jan-Dec; don't know=98) b. Year: (dropdown menu from 1930-2016; don't know=9998) | D62: =CONCATENATE("Check year with Q",'2.1 Personal Biography'!A48," #[n] in the table, to column. Error message if dates are not identical") -> Check year with Q2137 #[n] in the table, to column. Error message if dates are not identical | E62: =E61+1 -> 21
A63: =CONCATENATE(A$41,"_",E63) -> 710[n]_22 | B63: What was the reason you changed from this work to your next job? | C63: 1. terminated by the employer 2. Contract ended and not renewed by the employer 3. Quit voluntarily/resigned 4. Suspension of the project or shutdown 97. Other (Specify) | E63: =E62+1 -> 22
A64: =CONCATENATE(A$41,"_",E64) -> 710[n]_23 | B64: Did you have a period of unemployment longer than 6 months after you left this job/this job ended? | C64: 1. Yes 2. No 98. Don't know | D64: =CONCATENATE("If 2, 98--> ",A68) -> If 2, 98--> 710[n]_27 | E64: =E63+1 -> 23
A65: =CONCATENATE(A$41,"_",E65) -> 710[n]_24 | B65: Were you wanting and ready to work during this period? | C65: 1. Yes 2. No 98. Don't know | D65: =CONCATENATE("If 2, 98 -->", A67) -> If 2, 98 -->710[n]_26 | E65: =E64+1 -> 24
A66: =CONCATENATE(A$41,"_",E66) -> 710[n]_25 | B66: Were you searching for work during this period? | C66: 1. Yes 2. No 98. Don't know | D66: =CONCATENATE("After answering --> Q",A68) -> After answering --> Q710[n]_27 | E66: =E65+1 -> 25
A67: =CONCATENATE(A$41,"_",E67) -> 710[n]_26 | B67: Why were you not interested in working or ready to work during this period? | C67: 1. Had income 2. Full-time student 3. Retired under 65 4. Disabled 5. Vacation (without salary) 6. Older than 65 years of age 97. Other 98. Don't know | D67: If 97, provide textbox | E67: =E66+1 -> 26
A68: =CONCATENATE(A$41,"_",E68) -> 710[n]_27 | B68: Did you work an [n+1] job? | C68: 1. Yes 2. No | D68: =CONCATENATE("If 2, check Q",'2.1 Personal Biography'!A6," If Q",'2.1 Personal Biography'!A6,"= 1--> section 8.1 If Q",'2.1 Personal Biography'!A6,"= 2 & Female --> Q",'8.3 Women Status'!A8," If Q",'2.1 Personal Biography'!A6,"= 2 & Male--> section 10.1") -> If 2, check Q2103 If Q2103= 1--> section 8.1 If Q2103= 2 & Female --> Q8303 If Q2103= 2 & Male--> section 10.1 | E68: =E67+1 -> 27

Sheet Sheet1
A2: Chapter 7 Job Mobility
A3: Apply to those who have ever worked
A4: Interviewer: The first status is the first employment status after leaving school or
A5: the first job that lasts for more than 6 months
A6: For regular employment, a change that is from one place to another within the same employer, is not considered as a new status
A7: For irregular employment, changing the employer is not considered a new status

Sheet 8.1 cost of Marriage
A1: Chapter 8 Marriage, Fertility and Women Status
A2: Section 8.1 Marriage
A3: Apply to all ever married individuals irrespective of sex , Ages 15-59 Marital status in household questionnaire of 2,3, 4, or 5 in Q211 and age 15-59 in Q206
A4: Question # | B4: Question | C4: Type of Question | D4: Validation & Skip Patterns
A5: First Marraige
A6: 8101 | B6: What was the duration between formal engagement and the legal marriage (katb el kitaab)? | C6: Time (in months): |___|___| "** Write ""0"" if it was on the same day or less than a month in between; **Write 98 if don't know ** Write 99 if more than 100 months" | D6: Provide numerical textbox
A7: =A6+1 -> 8102 | B7: What was the duration between the legal marriage and the actual marriage (dukhla)? | C7: Time (in months): |___|___| "** Write ""0"" if it was on the same day or less than a month in between; **Write 98 if don't know ** Write 99 if more than 100 months" | D7: Provide numerical textbox
A8: =A7+1 -> 8103 | B8: Was your spouse related to you either by blood or affinity? | C8: 1. Yes 2. No | D8: =CONCATENATE("If 2-->",A10) -> If 2-->8105
A9: =A8+1 -> 8104 | B9: In what way was he/she related to you? | C9: 1. Son/daughter of father's brother 2. Son/daughter of father's sister 3. Son/daughter of mother's brother 4. Son/daughter of mother's sister 5. Other blood relative from mother's side 6. Other blood relative from father's side 7. Relative by marriage 98. Don't know
A10: =A9+1 -> 8105 | B10: At the start of your first marriage, what was the ownership status of your dwelling? | C10: 1. Owner 2. Renter 3. Free residence in government owned dwelling 4. Free residence in employer owned/rented dwelling 5. in kind/gift 97. Other (specify) 98. Don't know | D10: If 97, provide textbox
A11: =A10+1 -> 8106 | B11: When you and your husband/wife started living together, did you live with your family, your spouse's family, with someone else? | C11: 1. respondent's family 2. spouse's family 3. someone else 4. ourselves only | D11: =CONCATENATE("If 3 --> Q",A13," If 4 --> Q",A14) -> If 3 --> Q8108 If 4 --> Q8109
A12: =A11+1 -> 8107 | B12: Were your cooking facilities and food shared with family or owned? | C12: 1. Shared 2. Owned 98. Don't know
A13: =A12+1 -> 8108 | B13: Approximately how many years did you all live together? | C13: Years together: |___|___|___| **If still together write 999 **Don't know, 998 | D13: Provide numerical textbox
A14: =A13+1 -> 8109 | B14: Was the individual married after 2005? | C14: 1. Yes 2. No | D14: =CONCATENATE("Validation: Automatically determine based on the year of the last marriage in section 2.1 If 2 and Female --> section 8.2; if 2 and male --> section 10.1") -> Validation: Automatically determine based on the year of the last marriage in section 2.1 If 2 and Female --> section 8.2; if 2 and male --> section 10.1
A15: =A14+1 -> 8110 | B15: What is the value of dowry or brideprice (mahr) given? | C15: Value (in dinar): |___|___|___|___| ** Write 9998 if don't know **Write 9999 if more than 100000; **Write 0 if there was none or no value | D15: Provide numerical textbox
A16: =A15+1 -> 8111 | B16: What is the value of jewlry purchased, in dinar? | C16: Value (in dinar): |___|___|___|___| ** Write 9998 if don't know **Write 9999 if more than 100000; **Write 0 if there was none or no value | D16: Provide numerical textbox
A17: =A16+1 -> 8112 | B17: Skipped
A18: =A17+1 -> 8113 | B18: SKIPPED
A23: =A18+1 -> 8114 | B23: How many rooms of furniture for the newly wed's home were purchased? | C23: Number of rooms: |___|___| ** Write 98 if don't know | D23: Provide numerical textbox
A24: =A23+1 -> 8115 | B24: What is the total value of contents of the home: appliances, furniture, bedroom, clothes, kitchenware, china, cutlery,; pillows, mattresses, blankets, linens, and other covers; carpets, rugs, mats, other floor cover; food supplies etc.? | C24: "Value (in dinar): |___|___|___|___| ** Write 9998 if don't know **Write 9999 if more than 100000; **Write 0 if there was none or no value " | D24: =CONCATENATE("Provide numerical textbox") -> Provide numerical textbox
A25: =A24+1 -> 8116 | B25: SKIPPED
A30: =A25+1 -> 8117 | B30: What is the total value of constructing or accquiring the dwelling, including key money or initial cost of acquiring rentals, construction/repairs/plumbing/wiring/windows/walls/floors/ceiings… etc.? | C30: "Value (in dinar): |___|___|___|___| ** Write 9998 if don't know **Write 9999 if more than 100000; **Write 0 if there was none or no value " | D30: =CONCATENATE("Provide numerical textbox If =0 -->",A36) -> Provide numerical textbox If =0 -->8119
A31: =A30+1 -> 8118 | B31: What is the percentage of bride/groom/bride's family/groom's family contribution to the total value of housing and contents of the house for marriage? | C31: groom only % |___|___| | D31: Provide numerical textbox
C32: groom's family % |___|___|
C33: bride only % |___|___|
C34: bride's family % |___|___|
C35: ** If any party contributed 100%, write "0" for the remaining parties. ** Write 98 if don't know
A36: =A31+1 -> 8119 | B36: What is the total cost paid for marriage celebrations including the engagement stage; signing of the marriage contract and the consummation of marriage? | C36: "Value (in dinar): |___|___|___|___| ** Write 9998 if don't know **Write 9999 if more than 100000; **Write 0 if there was none or no value " | D36: =CONCATENATE("Provide numerical textbox If male, after answering --> section 10.1") -> Provide numerical textbox If male, after answering --> section 10.1

Sheet 8.2 Fertility
A1: Section 8.2 Fertility
A2: Apply to all women who are ever-married, ages 15-59. Marital status in household questionnaire of 2,3, 4, or 5 in Q211 and age 15-59 in Q206, sex of 2 in Q204 Single women move to section 8.3, men move to section 10.1
A3: Question # | B3: Question | C3: Type of Question
A4: 8201 | B4: Have you ever given birth? | C4: 1. Yes 2. No | F4: If no --> section 8.3
A5: Number of births
A6: =A4+1 -> 8202 | B6: Number of live births | C6: Number of births: |___|___| **if don't know, 98 | F6: Provide numerical textbox
A7: =A6+1 -> 8203 | B7: Number of stillbirths | C7: Number of stillbirths: |___|___| **if don't know, 98 | F7: Provide numerical textbox
A8: =A7+1 -> 8204 | B8: Number of children in hh | C8: Number of children: |___|___| **if don't know, 98 | F8: Provide numerical textbox
A9: =A8+1 -> 8205 | B9: Number of children outside hh | C9: Number of children: |___|___| **if don't know, 98 | F9: Provide numerical textbox
A12: =A9+1 -> 8206 | B12: =A12+1 -> 8207 | C12: =B12+1 -> 8208 | D12: =C12+1 -> 8209 | E12: =D12+1 -> 8210 | F12: =E12+1 -> 8211 | G12: =F12+1 -> 8212 | H12: =G12+1 -> 8213
A13: Code of the Child | B13: Write the names of all your children (siblings and not siblings), including those who have passed away and those outside the hh in order from oldest to youngest. | C13: Is he/she a single baby or has he/she a twin? | D13: Is (name) a boy or a girl? Ask the mother in case the name is uni-sex. | E13: In what month and year was (name) born? Interviewer: If "don't know", write 98 for the month and 9998 for the "year" | F13: Is (name) still alive? | G13: Is (name) living with you? | H13: Interviewer: Record the individual code number of child
A14: 1 | C14: 1. single 2. twin | D14: 1. boy 2. girl | E14: a. Month: (Jan-Dec; don't know=98) b. Year: (1930-2016; don't know=9998) | F14: 1. Yes 2. No *If 2 --> next child | G14: 1. Yes 2. No *If 2 --> next child | H14: |___|___|
A15: 2 | B15: Repeat for number of live births

Sheet 8.3 Women Status
A1: Section 8.3 Women Status
A2: Apply to all women 15-59 years old age 15-59 in Q206, sex of 2 in Q204
A3: Question # | B3: Question | C3: Type of Question | H3: Validation & Skip Patterns
A4: 8301 | B4: Internal variable: check in household questionnaire is individual currently married | C4: 1. Yes 2. No | H4: =CONCATENATE("If 2-->",A8) -> If 2-->8303
A5: =A4+1 -> 8302 | B5: Questions for currently married women:
B6: Who in your family usually has the final say on the following decisions?
B7: Q 1. purchasing major household item (refrigerator, stove, furniture) 2. Making household purchases for daily needs 3. Visits to family, friends or relatives 4. Types of daily food (cooking for the day) 5. Going to the doctor for treatment 6. Buying personal clothes 7. Taking one of the children to the doctor 8. Sending children to school on daily basis 9. Buying clothes for children | C7: Dropdown menu with options (1-6, 98, 99) for all Qs 1-9 in column Q: 1. You alone 2. Husband 3. You and your husband jointly 4. In-laws 5. You, your husband and in-laws jointly 6. Others 98. Don't know 99. Not applicable
A8: =A5+1 -> 8303 | B8: Apply to women not currently married (never married, divorced, widows)
B9: Who in your family usually has the final say on the following decisions?
B10: Q 1. purchasing major household item (refrigerator, stove, furniture) 2. Making household purchases for daily needs 3. Visits to family, friends or relatives 4. Types of daily food (cooking for the day) 5. Going to the doctor for treatment 6. Buying personal clothes 7. Taking one of the children to the doctor 8. Sending children to school on daily basis 9. Buying clothes for children | C10: Dropdown menu with the options (1-9, 98, 99) in this column for each Q1-9 in column Q: 1. You alone 2. Father 3. Mother 4. You, your father, and your mother jointly 5. Father and mother jointly 6. Grandfather and grandmother 7. Children 8. One of the brothers or sisters 9. Others 98. Don't know 99. Not applicable
A11: =A8+1 -> 8304 | B11: Do you have direct access to household money in your hand to use? | C11: 1. Yes 2. No
A12: =A11+1 -> 8305 | B12: Do you have savings or personal property (land house, apartment, gold, jewelry, or car)? | C12: 1. Yes 2. No
A13: =A12+1 -> 8306 | B13: If you need to go to any of the following places, can you go on your own without permission or you need to inform someone or get permission or you just can't go?
B14: Place 1. Local market 2. Going to the doctor for treatment 3. Bringing children to the doctor 4. Visiting home of relatives, friends, or neighbors | C14: Dropdown menu with the following options (1-4, 98, 99): 1. Go alone without permission 2. Go alone, but must be granted permission first 3. Go alone after informing them 4. Cannot go alone 98. Don't know 99. Not applicable
A15: =A13+1 -> 8307 | B15: Is there anyone from your family living close enough so that you can go visit and come back home on the same day? | C15: 1. Yes 2. No
A16: =A15+1 -> 8308 | B16: If you had any problem and needed help, is there anyone in your family you can depend on to :
B17: a. Provide you with a place to stay for the night if you needed it | C17: 1. Yes 2. No 98. Don't know
B18: b. Help you out financially if you needed it | C18: 1. Yes 2. No 98. Don't know
A19: =A16+1 -> 8309 | B19: Sometimes, disagreements arise between a husband and his wife pertaining to things the wife does. In your opinion, does the husband have the right to hit his wife, or punish her, in any of the following situations?
B20: 1. If she burns the food? 2. If she neglects her children? 3. If she argues with him? 4. If she talks to other men? 5. If she wastes his money? 6. If she refuses to have sex with him? | C20: 1. Yes 2. No 98. Don't know
A21: =A19+1 -> 8310 | B21: Are you afraid of disagreeing with your husband/father/brother or any other man in your family? | C21: 1. Yes 2. No 98. Don't know

Sheet 9.0 Female Employment 
A1: Chapter 9 Female Paid Employment
A2: =CONCATENATE("Apply to all women, Ages 15-59, who are working or ever worked for wages (check for at least one wage worker status in section 7.0), i.e. age 15-59 in Q206, sex of 2 in Q204, and either Q",'6.1 Job charc '!A48,"=1 or one of Q", '7.0 Job Mobility'!A15," or Q",'7.0 Job Mobility'!A43," =1") -> Apply to all women, Ages 15-59, who are working or ever worked for wages (check for at least one wage worker status in section 7.0), i.e. age 15-59 in Q206, sex of 2 in Q204, and either Q6137=1 or one of Q7101_2 or Q710[n]_2 =1
A3: Question # | B3: Question | C3: Type of Question | D3: Validation & Skip Patterns
A4: 9001 | B4: What is/was the primary use of your labor income? | C4: 1. to help my family financially 2. to meet my personal needs 3. to save for marriage 97. Other (Specify) 98. Don't know | D4: If 97, provide textbox
A5: =A4+1 -> 9002 | B5: What proportion of your income do/did you keep for yourself? | C5: 1. None 2. Less than a 1/4 3.1/4 to less than 1/2 4. 1/2 to less than 3/4 5. 3/4 to less than all 6. All 98. Don't know
A6: =A5+1 -> 9003 | B6: What proportion of your income do/did you save? | C6: 1. None 2. Less than a 1/4 3.1/4 to less than 1/2 4. 1/2 to less than 3/4 5. 3/4 to less than all 6. All 98. Don't know | D6: =CONCATENATE("If 1 --> Q",A8) -> If 1 --> Q9005
A7: =A6+1 -> 9004 | B7: What is the primary way in which you save? | C7: 1. Bank/financial institution 2. Participation in individual association 3. Bought gold/ jewelry 4. Saving money at home 97. Other (Specify) 98. Don't know | D7: If 97, provide textbox
A8: =A7+1 -> 9005 | B8: Do/did you receive your wages from work directly yourself? | C8: 1. Yes 2. No 98. Don't know | D8: =CONCATENATE("After answering if Q",'2.1 Personal Biography'!A6, "= No, --> Q",A18) -> After answering if Q2103= No, --> Q9015
A9: =A8+1 -> 9006 | B9: Were you working for wages at the time you got married? | C9: 1. Yes 2. No 98. Don't know
A10: =A9+1 -> 9007 | B10: What is your husband's opinion of your work? | C10: 1. Strongly supportive 2. Supportive 3. No opinion 4. Not supportive 98. Don't know 99. Not applicable (no husband) | D10: =CONCATENATE("After answering if ", '8.2 Fertility'!A4, "= 2 -> Q",A21) -> After answering if 8201= 2 -> Q9018
A11: =A10+1 -> 9008 | B11: Were you working for wage during your first pregnancy? | C11: 1. Yes 2. No 98. Don't know | D11: =CONCATENATE("If 2 or 98 & Q",'6.1 Job charc '!A48," is 1-->",A14, " If 2 or 98 & Q",'6.1 Job charc '!A48," is not 1-->",A22) -> If 2 or 98 & Q6137 is 1-->9011 If 2 or 98 & Q6137 is not 1-->9019
A12: =A11+1 -> 9009 | B12: How many weeks of paid maternity leave did you get (in your first pregnancy)? | C12: 1. did not get maternity leave 2. from 2 - 6 weeks 3. from 7 - 13 weeks 4. from 14-17 weeks 5. more than 18 weeks 98. don't know
A13: =A12+1 -> 9010 | B13: How many months of unpaid nursing leave did you get (in your first pregnancy)? | C13: 1. did not get nursing leave 2. less than 3 months 3. 3 months 4. from 4 -6 months 5. from 7 months to one year 6. from 1 - 2 years 7. more than 2 years 98. Don't know | D13: =CONCATENATE("If Q",'6.1 Job charc '!A48," is not 1-->",A22) -> If Q6137 is not 1-->9019
A14: =A13+1 -> 9011 | B14: Do you have children who are less than 12 years old? | C14: 1. Yes 2. No | D14: =CONCATENATE("If 2-->",A21, " Validation: If 1, Q",'8.2 Fertility'!E12, " should have members with year >= 2004 or 9998") -> If 2-->9018 Validation: If 1, Q8210 should have members with year >= 2004 or 9998
A15: =A14+1 -> 9012 | B15: Who looks after your young children while you are at work? | C15: Dropdown menus with options 1-12, 97, 98 Primary caregiver: Secondary caregiver: 1. mother 2. mother in law 3. daughter 4. sister 5. grandmother 6. nanny 7. nursery 8. neighbors 9. other relatives 10. nursery school 11. husband 12. in school 97. other (Specify) 98. Don't know 99. n/a (secondary caregiver only) | D15: if 97, provide textbox
A16: =A15+1 -> 9013 | B16: Do you pay those who look after your children while you are at work? | C16: 1. Yes 2.No 98. Don't know | D16: If 2 or 98 --> section 10.1
A17: =A16+1 -> 9014 | B17: How much did you pay for child care last month? | C17: Value (in dinar): ____________ If "don't know", write (9998) | D17: =" After asnwering--> section 10.1" -> After asnwering--> section 10.1
A18: =A17+1 -> 9015 | B18: Will you continue to work after getting married? | C18: 1. Yes 2. No 3. it depends on husband's approval 4. it depends on circumstances 5. Don't want to get married 98. don't know | D18: =CONCATENATE("If 2 --> Q", A21," If 5 --> Q", A20) -> If 2 --> Q9018 If 5 --> Q9017
A19: =A18+1 -> 9016 | B19: Do you think you will be able to work after you get married? | C19: 1. Yes 2. No 3. it depends on circumstances 98. don't know
A20: =A19+1 -> 9017 | B20: In your opinion, how does your work influence your marriageability? | C20: 1. Strengthens marriageability 2. Prevents marriage 3. Has no influence 98. do not know | D20: =CONCATENATE("If Q",'6.1 Job charc '!A48," =1--> section 10.1") -> If Q6137 =1--> section 10.1
A21: =A20+1 -> 9018 | B21: =CONCATENATE("Internal variable: Is she currently working for wages? Check Q",'6.1 Job charc '!A48) -> Internal variable: Is she currently working for wages? Check Q6137 | C21: 1. Yes 2. No | D21: If 1 --> section 10.1
A22: =A21+1 -> 9019 | B22: What were the reasons for deciding to stop working for wage? | C22: Primary reason: Secondary reason: (Provide dropdown menus with the following options) 1. husband/fiance refused 2. father refused 3. another family member refused 4. no suitable jobs 5. no suitable wage 6. no jobs available at all 7. to take care of children 8. to take care of the children of other family members 9. don’t want to work 97. other (Specify) 99. n/a (secondary reason only) | D22: If 97, provide textbox
A23: =A22+1 -> 9020 | B23: Do you want to go back to work one day? | C23: 1. Definitely 2. if there is a financial need 3. it depends on circumstances 4. it depends on available jobs 5. No 97. Other (Specify) 98. Don't know | D23: If 97, provide textbox

Sheet Sheet3

Sheet Sheet4

Sheet Sheet5

Sheet Sheet6

Sheet Sheet7

Sheet Sheet8

Sheet 10.1 Earnings
A2: Section 10.1 Earnings from Wage Work in Main Job
A3: =CONCATENATE("Apply to all wage workers in main job during the past three months, that is, Q",'6.1 Job charc '!A48,"=1") -> Apply to all wage workers in main job during the past three months, that is, Q6137=1
A4: Interviewers: "Earnings refer to three months period ending with the last pay period for which the worker was actually paid" Remind interviewees that: "All the information collected in this questionnaire is for purely statistical purposes and is not for any other purpose. It is considered confidential under The Provisional Statsitics Law, #8, of 2003.*"
A6: Question # | B6: Question | C6: Type of Question | D6: Validation & Skip Patterns
A7: 10101 | B7: How is your wage in your main job calculated? | C7: 1. fixed wage 2. production-based wage 3. partially fixed wage, partially production-based wage 97. other (specify) | D7: =CONCATENATE("if 97, provide textbox Check: if Q",'6.1 Job charc '!A26,"=1 --> continue if Q",'6.1 Job charc '!A26,"=2 -->Q",A19) -> if 97, provide textbox Check: if Q6118=1 --> continue if Q6118=2 -->Q10105
A8: =A7+1 -> 10102 | B8: For regular workers: What is the net amount received in each of the following categories from your primary work in the past three months? *Notes: 1. If the individual did not obtain anything, write 0. If the individual does not remember the details, write the total wage (of primary employment). 2. If the individual made more than 100,000 dinar, write 99999. 3. If the individual does not know, write 99998 4. If the individual does not want to answer, first ask for an approximate amount. If the individual is unwilling to give an approximate amount, use 99996
B9: Type of pay | C9: Pay Period (Dropdown menu with 1-6 for all types of pay) | D9: Value in the pay period
B10: 1. Salaries & Wages | C10: 1. Daily | D10: |___|___|___|___|___|
B11: 2. Incentives & bonuses | C11: 2. Weekly | D11: |___|___|___|___|___|
B12: 3. Overtime | C12: 3. Monthly | D12: |___|___|___|___|___|
B13: 4. Share of profits | C13: 4. Every 3 months | D13: |___|___|___|___|___|
B14: 5. Other (textbox) | C14: 5. Annually | D14: |___|___|___|___|___|
C15: 6. Not paid
C16: 7. other (textbox)
A17: =A8+1 -> 10103 | B17: Amount of wage or salary deducted for social security (in dinar)? | C17: Wage: ________________ If "don't know", write 9998 | D17: =CONCATENATE("Only ask if Q",'6.1 Job charc '!A43, "=1 Provide numerical textbox") -> Only ask if Q6132=1 Provide numerical textbox
A18: =A17+1 -> 10104 | B18: How many times have you been promoted since you joined your current employment? Note: a promotion is a change in title | C18: 1. Once 2. Twice 3. Three times or more 99. Not applicable 98. Don't know | D18: After answering --> section 10.2
A19: =A18+1 -> 10105 | B19: For irregular employment, what is your average daily wage in your main job? (irregular employment includes intermittent and seasonal labor) | C19: Wage: ________________ If "don't know", write 9998; if not applicable, write 9999, If the individual does not want to answer, first ask for an approximate amount. If the individual is unwilling to give an approximate amount, use 9996 | D19: Provide numerical textbox

Sheet 10.2 Earnings in Secondary job
A1: Section 10.2 Earnings in Secondary Job
A2: =CONCATENATE("Apply to wage workers in secondary employment during the past three months, check Q",'6.2 Secondary Job'!A5, "=1 or one or more of ", '6.2 Secondary Job'!A6," equals 1 and ",'6.2 Secondary Job'!A22," equals 1 Remind interviewees that: All the information collected in this questionnaire is for purely statistical purposes and is not for any other purpose. It is considered confidential under The Provisional Statsitics Law, #8, of 2003.*") -> Apply to wage workers in secondary employment during the past three months, check Q6201=1 or one or more of 6202 equals 1 and 6205 equals 1 Remind interviewees that: All the information collected in this questionnaire is for purely statistical purposes and is not for any other purpose. It is considered confidential under The Provisional Statsitics Law, #8, of 2003.*
A4: Question # | B4: Question | C4: Type of Question | E4: Validation & Skip Patterns
A5: 10201 | B5: Total wages from secondary job in the last three months? | C5: Pay Period (Dropdown menu with 1-6) 1. Daily 2. Weekly 3. Monthly 4. Every 3 months 5. Annually 6. Not paid 98. D/K | D5: Value in pay period |___|___|___|___| Write 9998 if D/k If the individual does not want to answer, first ask for an approximate amount. If the individual is unwilling to give an approximate amount, use 9996 | E5: Provide numerical textbox

Sheet 11.0 Return Migration
A1: Chapter 11.0 Characteristics of Return Migrants
A2: =CONCATENATE("Apply to All individuals 15-59 years old who are working or have been working in the past and who are Jordanian (nationality) or born in Jordan, i.e. Jordanian in Q207 or born in Jordan (=1) in Q",'2.1 Personal Biography'!A50, " Remind interviewees that: All the information collected in this questionnaire is for purely statistical purposes and is not for any other purpose. It is considered confidential under The Provisional Statsitics Law, #8, of 2003.*") -> Apply to All individuals 15-59 years old who are working or have been working in the past and who are Jordanian (nationality) or born in Jordan, i.e. Jordanian in Q207 or born in Jordan (=1) in Q2138 Remind interviewees that: All the information collected in this questionnaire is for purely statistical purposes and is not for any other purpose. It is considered confidential under The Provisional Statsitics Law, #8, of 2003.*
A3: Question # | B3: Question | C3: Type of Question | D3: Validation & Skip Patterns
A4: 11001 | B4: Have you ever worked abroad for 6 months or more? | C4: 1. Yes 2. No 98- D/K | D4: =CONCATENATE("If 2 or 98 --> section 12.1 "," Check: If 1 (yes), then one of Q",'7.0 Job Mobility'!A30, " or ",'7.0 Job Mobility'!A58, "should equal 2 (outside Jordan)") -> If 2 or 98 --> section 12.1 Check: If 1 (yes), then one of Q7101_17 or 710[n]_17should equal 2 (outside Jordan)
A5: =A4+1 -> 11002 | B5: How many times did you go abroad for work? | C5: Number of times:|___|___| Interviewer: A stay abroad for less than six months is considered one trip | D5: Numerical textbox
A6: =A5+1 -> 11003 | B6: When was your first migration? | C6: a. Month: (dropdown menu from Jan-Dec; don't know=98) b. Year: (dropdown menu from 1930-2016; don't know=9998)
A7: =A6+1 -> 11004 | B7: When was your final return? | C7: a. Month: (dropdown menu from Jan-Dec; don't know=98) b. Year: (dropdown menu from 1930-2016; don't know=9998)
A8: =A7+1 -> 11005 | B8: What was the country to which you went in your first migration? | C8: Dropdown menu with the list of world countries
A9: =A8+1 -> 11006 | B9: Why did you migrate? | C9: Primary Reason Secondary Reason Dropdown menu with the following choices: 1. Unemployed and seeking work 2. Found a better job 3. Higher wages 4. To help the family (financially) 5. Transferred by the employer 6. To save money to get married 7. To save money to start up business 8. To save money to buy house 9. To accompany spouse 10. To accompany other family member 97. Other (specify) 98. Don't know 99. Not applicable (second reason only)
A10: =A9+1 -> 11007 | B10: Did you migrate on your own or with other family members in your first migration? | C10: 1. On my own 2. With someone from my family
A11: =A10+1 -> 11008 | B11: What was your family's financial situation prior to your first migration? | C11: 1. More than sufficient to buy the basic needs 2. Sufficient to buy all the basic needs 3. Not sufficient to buy the basic needs
A12: =A11+1 -> 11009 | B12: Did you have a visa/official document to allow you to enter the country to which you were going? | C12: 1. Yes 2. No 98. Don't remember | D12: =CONCATENATE("If 2 or 98 --> Q",A14) -> If 2 or 98 --> Q11011
A13: =A12+1 -> 11010 | B13: What type of visa/official document was it? | C13: 1. Tourist visa 2. Business visa 3. Student visa 4. Refugee Visa 5. Teporary Residence Permit 6. Migrant/Residence Permit 7. Work Permit 98. Don't know 97. Other (specify) | D13: If 97, provide textbox
A14: =A13+1 -> 11011 | B14: What was your average monthly income abroad in the year before returning from your first migration? | C14: Dinars/month: |___|___|___|___|___ *Write 99998 if don't know If the individual does not want to answer, first ask for an approximate amount. If the individual is unwilling to give an approximate amount, use 99996 | D14: Provide numerical textbox
A15: =A14+1 -> 11012 | B15: What was your average monthly income abroad in the year before returning from your final migration? | C15: Dinars/month: |___|___|___|___|___ *Write 99998 if don't know If the individual does not want to answer, first ask for an approximate amount. If the individual is unwilling to give an approximate amount, use 99996 | D15: =CONCATENATE("Only ask if Q",A5, " is greater than 1. Provide numerical textbox") -> Only ask if Q11002 is greater than 1. Provide numerical textbox
A16: =A15+1 -> 11013 | B16: How did your income during the last year abroad before your return compare to your income before your first migration? | C16: 1. Higher 2. Same 3. Lower 98. Don't know 99. Not applicable | D16: =CONCATENATE("If 2, 3, 98, or 99 --> Q",A18) -> If 2, 3, 98, or 99 --> Q11015
A17: =A16+1 -> 11014 | B17: By how much higher was your income? | C17: 1. 10 times or more 2. 5 times to less than 10 times 3. 2 times to less than 5 times 4. 1 to less than 2 times 97. Other (specify) 98. Don't know | D17: If 97, provide textbox
A18: =A17+1 -> 11015 | B18: Were you saving while you were abroad? | C18: 1. Yes 2. No | D18: =CONCATENATE("If 2-> Q",A23) -> If 2-> Q11020
A19: =A18+1 -> 11016 | B19: What was your average monthly savings while abroad in the year before returning from your first migration? | C19: Dinars/month: |___|___|___|___|___ *Write 99998 if don't know If the individual does not want to answer, first ask for an approximate amount. If the individual is unwilling to give an approximate amount, use 99996 | D19: Provide numerical textbox
A20: =A19+1 -> 11017 | B20: What was your average monthly savings while abroad in the year before returning from your final migration? | C20: Dinars/month: |___|___|___|___|___ *Write 99998 if don't know * Note to programmer : In case of only one migration, leave "last migration" empty If the individual does not want to answer, first ask for an approximate amount. If the individual is unwilling to give an approximate amount, use 99996 | D20: =CONCATENATE("Only ask if Q",A5, " is greater than 1. Provide numerical textbox") -> Only ask if Q11002 is greater than 1. Provide numerical textbox
A21: =A20+1 -> 11018 | B21: What was the primary method of saving you used while abroad? | C21: 1. in a bank abroad 2. in a bank in Jordan 3. in cash 4. Gold 97. Other (specify) 98. Don't know
A22: =A21+1 -> 11019 | B22: How did you use your overall savings upon your return? | C22: Primary use: Secondary use: 1. Deposited in banks 2. Deposited in financial company 3. Bought gold 4. Bought agricultural land 5. Bought non-agricultural land 6. built/acquired a house 7. Established economic project 8. Spent on marriage 97. Other (specify) 98. Don't know 99. Not applicable (secondary use only)
A23: =A22+1 -> 11020 | B23: Did you send remittances (monetary or in-kind) to your family while abroad? Did you send regularly? | C23: 1. Yes, regularly 2. Yes, irregularly 3. Yes, regularly & irregularly 4. No 98. Don't know | D23: =CONCATENATE("If 2 --> Q", A26," if 4 or 98 --> Q",A28) -> If 2 --> Q11023 if 4 or 98 --> Q11025
A24: =A23+1 -> 11021 | B24: Regular Remittances: What was your average monthly remittances during the year before returning from your first migration? | C24: Average remittances in dinars: |___|___|___|___|___ *99998 if don't know | D24: =CONCATENATE(" Provide numerical textbox Skip Pattern: after answering if Q",A5, " is equal to 1 -->",A28) -> Provide numerical textbox Skip Pattern: after answering if Q11002 is equal to 1 -->11025
A25: =A24+1 -> 11022 | B25: What was your average monthly remittances during the year before returning from your final migration? | C25: Average remittances in dinars: |___|___|___|___|___ *99998 if don't know *Note to programmer: In case of only one migration, leave "last migration" empty | D25: =CONCATENATE("Only ask if Q",A5, " is greater than 1. Provide numerical textbox. Skip Pattern: after answering -->",A28) -> Only ask if Q11002 is greater than 1. Provide numerical textbox. Skip Pattern: after answering -->11025
A26: =A25+1 -> 11023 | B26: Irregular Remmittances: What was your average remittances in the year during your first migration? | C26: Average remittances in dinars: |___|___|___|___|___ *99998 if don't know | D26: Provide numerical textbox
A27: =A26+1 -> 11024 | B27: Irregular remittances: What was your average remittances in the year during your final migration? | C27: Average remittances in dinars: |___|___|___|___|___ *99998 if don't know *Note to programmer: In case of only one migration, leave "last migration" empty | D27: =CONCATENATE("Only ask if Q",A5, " is greater than 1. Provide numerical textbox") -> Only ask if Q11002 is greater than 1. Provide numerical textbox
A28: =A27+1 -> 11025 | B28: How did you finance your first migration? | C28: Primary source: Secondary source: Dropdown menu with the following choices: 1. Personal Savings 2. Help from a family member 3. Help from relatives 4. Help from friends/ Acquaintances 5. Borrowed money from relatives 6. Borrowed money from friends/acquaintances 7. Borrowed money from others 97. Other (specify) 98. Don't know 99. Not applicable (secondary source only) | D28: If 97, provide textbox
A29: =A28+1 -> 11026 | B29: Did you pay anybody to facilitate your departure abroad? | C29: 1. Yes 2. No 98. Don't know | D29: =CONCATENATE("If 2 or 98 --> Q",A31) -> If 2 or 98 --> Q11028
A30: =A29+1 -> 11027 | B30: Who did you pay? (mention the most important party) | C30: 1. Employment agency 2. Migration broker 3. Friends/acquaintances 4. Relatives 97. Other (specify) 98. Don't know | D30: If 97, provide textbox
A31: =A30+1 -> 11028 | B31: Did you have any family members, relatives, friends, or acquaintances living in the country to which you went in your first migration? | C31: 1. Yes 2. No 98. Don't know | D31: =CONCATENATE("If 2 or 98 --> Q",A37) -> If 2 or 98 --> Q11032
A32: =A31+1 -> 11029 | B32: How many family members, relatives, friends or acquaintances living in that country? | C32: Family members: |___|___| | D32: Provide numerical textboxes
C33: Relatives: |___|___|
C34: Friends/acquaintances: |___|___|
A35: =A32+1 -> 11030 | B35: Did any of these family members/relatives/ friends help you? | C35: 1. Yes,family members 2. Yes, Relatives 3. Yes, friends 4. All of them 5. None 98. Don't know | D35: =CONCATENATE("If 5 or 98 --> Q",A37) -> If 5 or 98 --> Q11032
A36: =A35+1 -> 11031 | B36: What was the main type of assistance they provided when you moved to [Name of Country]? | C36: Main type: Second type: Third type: Dropdown menu with following choices: 1. Obtain visa/residence permit 2.Paid for transportation 3. Provided food and/or lodging 4. Provided money/loans 5. Provided information about places of work 6. Helped to find work 7. Helped to find accomodation 8. Provided full support until found a job 98. Don't know 97. Other (specify) 99. Not applicable (second and third type only) | D36: If 97, provide textbox
A37: =A36+1 -> 11032 | B37: Who helped you in getting a job abroad? | C37: 1. Relatives 2. Friends/acquaintances 3. Employer 4. Business contact or associate 5. Employment agency 6. Migrant community / association 7.Embassy of country of nationality in destination country 8. No one 98. Don't know 97. Other (specify) | D37: If 97, provide textbox
A38: =A37+1 -> 11033 | B38: Were you planning to stay temporarily or permanently abroad? | C38: 1. Permanently 2. Temporarily 98. Don't know
A39: =A38+1 -> 11034 | B39: Why did you return from abroad? | C39: 1. Contract ended 2. Sudden termination by employer 3. Retired 4. Health problems 5. To get married 6. To start up business at home country 7. To look after family business or farm 8. Left work due to poor working conditions 98. Don't know 97. Other (specify) | D39: If 97, provide textbox

Sheet 11.2 In Migration
A1: Chapter 11.2 Characteristics of In Migrants
A2: =CONCATENATE("Apply to All individuals 15-59 years old who are neither Jordanian (nationality) nor born in Jordan, i.e. NOT Jordanian in Q207 and not in Jordan (=2) in Q",'2.1 Personal Biography'!A50 ) -> Apply to All individuals 15-59 years old who are neither Jordanian (nationality) nor born in Jordan, i.e. NOT Jordanian in Q207 and not in Jordan (=2) in Q2138
A3: Question # | B3: Question | C3: Type of Question | D3: Validation & Skip Patterns
A4: 11201 | B4: When did you first arrive in Jordan for a period more than six months? | C4: a. Month: (dropdown menu from Jan-Dec; don't know=98) b. Year: (dropdown menu from 1930-2016; don't know=9998)
A5: =A4+1 -> 11202 | B5: Are you living/did you live in a refugee camp? | C5: 1. Yes, currently 2. Yes, previously, in Jordan 3. Yes, previously, outside Jordan 4. Not ever
A6: =A5+1 -> 11203 | B6: Are you registered as a refugee? | C6: 1. Yes 2. No 99. N/A | D6: =CONCATENATE("If 2 or 99-->",A8) -> If 2 or 99-->11205
A7: =A6+1 -> 11204 | B7: When did you register as a refugee? | C7: a. Month: (dropdown menu from Jan-Dec; don't know=98) b. Year: (dropdown menu from 1930-2016; don't know=9998)
A8: =A7+1 -> 11205 | B8: Do you have a ration card? | C8: 1. Yes 2. No
A9: =A8+1 -> 11206 | B9: Do you have food vouchers? | C9: 1. Yes 2. No
A10: =A9+1 -> 11207 | B10: Do you have a permit to work in Jordan? | C10: 1. Yes 2. No 99. N/A (Do not work) | D10: =CONCATENATE("If 2 or 99-->",A12) -> If 2 or 99-->11209
A11: =A10+1 -> 11208 | B11: When did you acquire your work permit? | C11: a. Month: (dropdown menu from Jan-Dec; don't know=98) b. Year: (dropdown menu from 1930-2016; don't know=9998)
A12: =A11+1 -> 11209 | B12: Where is your spouse? | C12: List of countries | D12: =CONCATENATE("Check if Q211=2 & Q212 in HH questionnaire= 2, if not -->Q",A15) -> Check if Q211=2 & Q212 in HH questionnaire= 2, if not -->Q11212
A13: =A12+1 -> 11210 | B13: =CONCATENATE("When did spouse arrive at [location from]", A12) -> When did spouse arrive at [location from]11209 | C13: a. Month: (dropdown menu from Jan-Dec; don't know=98) b. Year: (dropdown menu from 1930-2016; don't know=9998)
A14: =A13+1 -> 11211 | B14: Why is spouse not living with you? | C14: "Dropdown menu with the following options: 1. Work 2. Education 3. Marriage 4. Accompanying a family member 5. Reasons pertaining to housing (specify textbox) 6. Fleeing violence/persecution or for security 97. Other (specify) *If 97, provide textbox "
A15: =A14+1 -> 11212 | B15: Did you have to move internally in [country of origin prior to Jordan] due to violence/conflict/absence of security before coming to Jordan? | C15: 1. Yes 2. No | D15: =CONCATENATE("If 2-->",A17) -> If 2-->11214
A16: =A15+1 -> 11213 | B16: How many times did you have to move internally? | C16: Numerical textbox 0-15, DK=98
A17: =A16+1 -> 11214 | B17: When you left your home, was your hometown controlled by the rebels or the government? | C17: 1. Rebels 2. Government | D17: Ask only of those who give a response of violence/conflict/absence of security in one location of 2.1 personal biography

Sheet 12.1 Information Technology
A1: Chapter 12 Information Technology, Savings and Borrowings
A2: Section 12.1 Mobile Phone and Internet Use
A3: Ages 6+ based on Q206
A4: Question # | B4: Question | C4: Type of Question | G4: Validation & Skip Patterns
A5: 12001 | B5: Do you personally own any of the following? | D5: Yes | E5: No
C6: Laptop
C7: Tablet
C8: Ipod/mp3
A9: =A5+1 -> 12002 | B9: Do you own a mobile phone? | C9: 1. Yes 2. No | G9: =CONCATENATE("If 2 -->",A15) -> If 2 -->12008
A10: =A9+1 -> 12003 | B10: How many mobile lines do you own? | C10: Number of lines: |___|___| *if don't know, 98 | G10: Provide numerical textbox
A11: =A10+1 -> 12004 | B11: What is the payment method for these lines? | C11: 1. Invoice, post-paid 2. Card, pre-paid 3. Both 98. Don't know
A12: =A11+1 -> 12005 | B12: Do you use the internet on your phone? | C12: 1. Yes through an internet package 2. Yes, through WiFi 3. Yes, both 4. No | G12: After answering, if =4-->",A15)
A13: =A12+1 -> 12006 | B13: Where do you use internet on your phone most frequently? | C13: First place: Second place: Dropdown menus with the following options 1. At home 2. At work 3. At friends' 4. At a family member's 5. At an internet café, or place with internet service 6. In the car 7. The street 97. Other (specify) 98. Don't know 99. Not applicable (second place only) | G13: If 97, provide textbox
A14: =A13+1 -> 12007 | B14: For which of the following purposes do you use the internet on your phone? *Interviewer: Take 3 primary purposes and arrange from the most to the least important | C14: First Purpose Second Purpose Third Purpose (Dropdown menus with the following options:) 1. Work 2. Education, Studies 3. News and information 4. To find a job 5. Entertainment 6. To socialize/communicate with friends and family 97. Other (specify) 98. Don't know 99. Not applicable (second and third purpose only) | G14: If 97, provide textbox
A15: =A14+1 -> 12008 | B15: Have you used the internet through a computer/ tablet during the past 30 days? | C15: 1. Yes 2. No 98. Don't know | G15: If no--> section 12.2
A16: =A15+1 -> 12009 | B16: Where do you use it most frequently? | C16: First place: Second place: 1. At home 2. At work 3. At friends' 4. At a family member's 5. At an internet café, or place with internet service 97. Other (specify) 98. Don't know 99. Not applicable (second place only) | G16: If 97, provide textbox
A17: =A16+1 -> 12010 | B17: For which of the following purposes do you use the internet? *Interviewer: Take 3 primary purposes and arrange from the most to the least important | C17: First Purpose Second Purpose Third Purpose (Dropdown menus with the following options:) 1. Work 2. Education, Studies 3. News and information 4. To find a job 5. Entertainment 6. To socialize/communicate with friends and family 97. Other (specify) 98. Don't know 99. N/A (second and third purpose only) | G17: If 97, provide textbox

Sheet 12.2 Savings & Borrowings
A1: Section 12.2 Savings and Borrowings
C2: Apply to ages 15+ (based on Q206)
A3: Question # | B3: Question | C3: Type of Question | D3: Validation & Skip Patterns
A4: =12201 -> 12201 | B4: Do you have any savings? | C4: 1. Yes 2. No | D4: =CONCATENATE("If 2--> Q",A7) -> If 2--> Q12204
A5: =A4+1 -> 12202 | B5: What is your method of savings? | C5: 1. Post office (savings folder) 2. bank 3. In cash 4. Gold 5. Jewelery 97. Other (specify) 98. Don't know | D5: =CONCATENATE("If 3, 4, 5, or 98--> Q",A7) -> If 3, 4, 5, or 98--> Q12204
A6: =A5+1 -> 12203 | B6: Is this an interest-bearing account? | C6: 1. Yes 2. No 98. Don't know
A7: =A6+1 -> 12204 | B7: Did you apply for any formal loans during the past 12 months? | C7: 1. Yes 2. No | D7: =CONCATENATE("If 2-->",A15) -> If 2-->12212
A8: =A7+1 -> 12205 | B8: Were you successful in getting that loan? | C8: 1. Yes 2. No 3. Application pending 98. Don't know | D8: =CONCATENATE("If 1, 3, or 98-->",A10) -> If 1, 3, or 98-->12207
A9: =A8+1 -> 12206 | B9: Why were you unsuccessful in getting the loan? | C9: 1.Insufficient collateral 2. incomplete documentation 3. lack of connections (relations & networks) 97. Other (specify) 98. Don't know | D9: If 97, provide textbox
A10: =A9+1 -> 12207 | B10: What was the financial insitutions that you borrowed (or try to borrow) from? | C10: Primary source: Secondary source: Dropdown menu with the following choices 1. Social security fund 2. bank 3. NGO's/charitable organization 4. Private Sector Companies 97. Other (specify) 98. Don't know 99. Not applicable (secondary source only) | D10: If 97, provide textbox
A11: =A10+1 -> 12208 | B11: Why did you borrow (or try to borrow) the money? | C11: Primary Reason Secondary Reason Dropdown menu with the following choices: 1. to fund a non-farm enterprise 2. to fund an agricultural enterprise / project 3. To buy a car 4.For marriage 5. Education 6. To buy a house 7. A medical Emergency 8. Loss of job 97. Other (specify) 98. Don't know 99. Not applicable (secondary reason only)
A12: =A11+1 -> 12209 | B12: How much did you borrow (or try to borrow) from each of these financial insitutions? | C12: a. Amount from primary source: |___|___|___|___| b. Amount from secondary Source: |___|___|___|___| **If the loan is larger than 10,000, write 9999 **If ""don't know, write 9998." | D12: =CONCATENATE("Secondary source only if a secondary source given in ",A10," Provide Numerical textbox") -> Secondary source only if a secondary source given in 12207 Provide Numerical textbox
A13: =A12+1 -> 12210 | B13: Do you pay fees or interest on these loans? | C13: a. Primary source b. Secondary Source 1. Interest 2. Fees 3. Interest and fees 4. None 98. don't know | D13: =CONCATENATE("Ask only if Q",A8,"=1 Secondary source only if a secondary source given in ",A10," Provide Numerical textbox") -> Ask only if Q12205=1 Secondary source only if a secondary source given in 12207 Provide Numerical textbox
A14: =A13+1 -> 12211 | B14: What was the size of installment payment in the past 30 days? | C14: a. Amount from primary source: |___|___|___|___| b. Amount from secondary Source: |___|___|___|___| **If the loan is larger than 10,000, write 9999 **If don't know, write 9998. | D14: =CONCATENATE("Ask only if Q",A8,"=1 Secondary source only if a secondary source given in ",A10," Provide Numerical textbox") -> Ask only if Q12205=1 Secondary source only if a secondary source given in 12207 Provide Numerical textbox
A15: =A14+1 -> 12212 | B15: Did you borrow money from any individuals? | C15: "1. Yes 2. No 98. Don't know" | D15: If 2 or 98 --> section 12.3
A16: =A15+1 -> 12213 | B16: Who did you borrow from (individuals)? (Mention the two most important sources) | C16: Primary source Secondary Source Dropdown menu with the following choices: 1. Family member 2. Relatives 3. Friends 4. Neighbours 5. Local money lenders 97. Other (specify) 98. Don't know 99. Not applicable (secondary source only) | D16: If 97, provide textbox
A17: =A16+1 -> 12214 | B17: Why did you borrow the money from individuals? | C17: Primary Reason Secondary Reason Dropdown menu with the following choices: 1. to fund a non-farm enterprise 2. to fund an agricultural enterprise / project 3. To buy a car 4.For marriage 5. Education 6. To buy a house 7. A medical Emergency 8. Loss of job 97. Other (specify) 98. Don't know 99. Not applicable (secondary reason only) | D17: If 97, provide textbox
A18: =A17+1 -> 12215 | B18: How much did you borrow from each of these individuals? | C18: "a. Amount from primary source: |___|___|___|___| b. Amount from secondary Source: |___|___|___|___| **If the loan is larger than 10,000, write 9999 **If """"don't know, write 9998.""" "Secondary source only if a secondary source given in 12207 Provide Numerical textbox" | D18: =CONCATENATE("Secondary source only if a secondary source given in ",A16," Provide Numerical textbox") -> Secondary source only if a secondary source given in 12213 Provide Numerical textbox
A19: =A18+1 -> 12216 | B19: Do you pay fees or interest on these loans? | C19: Primary source Secondary Source 1. Yes, Interest 2. Yes, Fees 3. Yes, Interest and fees 4. No 98. don't know | D19: =CONCATENATE("Secondary source only if a secondary source given in ",A16," Provide Numerical textbox") -> Secondary source only if a secondary source given in 12213 Provide Numerical textbox

Sheet 12.3 Gender attitudes
C1: Section 12.3 Gender Attitudes
C2: Apply to ages 15+ (based on Q206)
A3: Questions pertaining to type of community
A4: Instructions: Do you agree or disagree with the following statements?
A5: 12300 | B5: a. A woman’s place is not only in the household, but she should also be allowed to work. | C5: 1. Strongly disagree 2. Disagree 3. Neither agree nor disagree 4. Agree 5. Strongly agree
B6: b. The husband should help his working wife raise their children
B7: c. The husband should help his workng wife with household chores
B8: d. Girls should go to school to prepare for jobs, not just to make them good mothers and house-wives
B9: e. A woman who works outside the home cannot be a good mother
B10: f. For a woman’s financial autonomy, she must work and have earnings
B11: g. A woman's work interferes with her ability to keep a good relationship with her husband
B12: h. Women should continue to obtain leadership positions in society
B13: i. Boys and girls should get the same amount of schooling
B14: j. Boys and girls should be treated equally.

Sheet 12.4 Result
B2: Section 12.4 Result of Visit
C3: 12401
B4: Visit | C4: Result of the individual questionnaire
A5: 12401 | B5: First (_1) | C5: 1. Done 2. Partially Done 3. Refused (end of interview)
A6: =A5+1 -> 12402 | B6: Second (_2) | C6: 1. Done 2. Partially Done 3. Refused (end of interview)
A7: =A6+1 -> 12403 | B7: Third (_3) | C7: 1. Done 2. Partially Done 3. Refused (end of interview)
